 Dungeon Crawl Stone Soup version 0.29.1-13-g9f3cf754e1 (webtiles) character file.

Game seed: 14745036065810392486

210790 Nonny the Brawler (level 18, -3/102 HPs)
             Began as a Vine Stalker Wanderer on Jan 21, 2023.
             Was the Champion of Fedhas.
             Shot with an arrow by a centaur (7 damage)
             ... on level 4 of the Shoals on Jan 27, 2023.
             The game lasted 04:10:48 (34102 turns).

Nonny the Brawler (Vine Stalker Wanderer)          Turns: 34102, Time: 04:10:58

Health: -3/102     AC: 16    Str: 21    XL:     18   Next: 86%
Magic:  0/33       EV: 22    Int: 14    God:    Fedhas [******]
Gold:   4122       SH:  9    Dex: 24    Spells: 31/37 levels left

rFire   + + .      SeeInvis +     - Unarmed
rCold   + . .      Faith    .   d - +3 buckler of Uneudoz {rN+}
rNeg    + . .      Spirit   +   M - +5 ring mail "Uloes" {rPois Str+3 SInv}
rPois   +          Reflect  .   Q - +2 hat "Moghilotu" {rElec rF++ Int-3 Dex+4}
rElec   +          Harm     .   K - scarf {shadows}
rCorr   .          Rampage  .   X - +1 pair of gloves "Uckis" {-Cast Fly rElec Regen+}
Will    ++...      NoCast   +   (no boots)
Stlth   ++++......              f - amulet of regeneration
HPRegen 2.67/turn               j - ring of protection from cold
MPRegen 0.23/turn               A - +6 ring of dexterity

@: flying
A: fangs 3, regeneration 1, magic shield, antimagic bite, no potion heal 2,
robust 1, wild magic 1
}: 1/15 runes: gossamer
a: Renounce Religion, Wall of Briars, Grow Ballistomycete, Overgrow, Grow Oklob


You were on level 4 of the Shoals.
You worshipped Fedhas.
Fedhas was exalted by your worship.
You visited 7 branches of the dungeon, and saw 33 of its levels.
You also visited: Ice Cave.

You collected 4451 gold pieces.
You spent 329 gold pieces at shops.

Inventory:

Missiles
 p - 36 poisoned darts (quivered)
 H - a throwing net
 J - 10 curare-tipped darts
Armour
 c - the +11 scale mail of Cuyd {rC+}
   (You found it on level 15 of the Dungeon)

   rC:        It protects you from cold.
 d - the +3 buckler of Uneudoz (worn) {rN+}
   (You acquired it on level 12 of the Dungeon)

   rN:        It protects you from negative energy.
 K - a scarf of shadows (worn)
 L - a +0 helmet of see invisible
 M - the +5 ring mail "Uloes" (worn) {rPois Str+3 SInv}
   (You found it on level 1 of the Lair of Beasts)

   Str:       It affects your strength (+3).
   rPois:     It protects you from poison.
   SInv:      It lets you see invisible.
 Q - the +2 hat "Moghilotu" (worn) {rElec rF++ Int-3 Dex+4}
   (You found it on level 2 of the Lair of Beasts)

   Int:       It affects your intelligence (-3).
   Dex:       It affects your dexterity (+4).
   rF:        It greatly protects you from fire.
   rElec:     It insulates you from electricity.
 V - the +1 pair of gloves "Waogufirch" {Dex+3}
   (You found it on level 3 of the Shoals)

   Dex:       It affects your dexterity (+3).
 X - the +1 pair of gloves "Uckis" (worn) {-Cast Fly rElec Regen+}
   (You found it on level 2 of the Spider Nest)

   rElec:     It insulates you from electricity.
   Fly:       It grants you flight.
   -Cast:     It prevents spellcasting.
   Regen:     It increases your rate of health regeneration.
Jewellery
 a - a ring of protection from fire
 f - an amulet of regeneration (around neck)
 j - a ring of protection from cold (left hand)
 k - a +4 ring of protection
 A - a +6 ring of dexterity (right hand)
 U - a ring of flight
 Y - a ring of positive energy
 Z - a +4 ring of slaying
Wands
 g - a wand of digging (9)
 n - a wand of roots (12)
 r - a wand of polymorph (29)
 z - a wand of mindburst (10)
 D - a wand of paralysis (19)
Scrolls
 b - 3 scrolls of summoning
 i - 2 scrolls of fear
 o - 10 scrolls of teleportation
 t - 3 scrolls of magic mapping
 u - 2 scrolls of poison
 B - 4 scrolls of fog
 G - 3 scrolls of blinking
 P - a scroll of noise
 S - a scroll of immolation
 T - 3 scrolls of amnesia
Potions
 e - 13 potions of curing
 h - 6 potions of mutation
 l - 6 potions of flight
 m - 4 potions of haste
 q - 2 potions of resistance
 v - 3 potions of brilliance
 w - 5 potions of cancellation
 x - 3 potions of magic
 C - 4 potions of might
 E - 2 potions of attraction
 I - 12 potions of ambrosia
 N - 3 potions of invisibility
 O - a potion of berserk rage
Miscellaneous
 s - a lightning rod (4/4)
 y - a phantom mirror
 F - a phial of floods
 R - a phantom mirror
 W - a condenser vane


   Skills:
 + Level 9.7 Fighting
 - Level 8.3 Armour
 - Level 14.0 Dodging
 - Level 9.0 Stealth
 - Level 4.0 Shields
 + Level 20.7 Unarmed Combat
 - Level 10.1 Spellcasting
 - Level 3.0 Summonings
 - Level 3.2 Transmutations
 - Level 3.0 Poison Magic
 * Level 8.4 Invocations
 - Level 3.0 Evocations


You had 31 spell levels left.
You knew the following spells:

 Your Spells              Type           Power      Damage    Failure   Level
a - Summon Small Mammal   Summ           80%        N/A       10%         1
b - Sting                 Tmut/Pois      80%        1d7       9%          1
c - Beastly Appendage     Tmut           42%        N/A       9%          1
d - Spider Form           Tmut/Pois      20%        N/A       24%         3

Your spell library contained the following spells:

 Spells                   Type           Power      Damage    Failure   Level
 Wereblood                Tmut           21%        N/A       13%         2
 Passwall                 Tmut/Erth      12%        N/A       22%         2
 Call Canine Familiar     Summ           20%        N/A       26%         3
 Apportation              Tloc           18%        N/A       28%         1
 Foxfire                  Conj/Fire      36%        2x1d5     28%         1
 Magic Dart               Conj           36%        1d4       28%         1
 Necrotise                Necr           36%        1d5       28%         1
 Sandblast                Erth           18%        2d7       28%         1
 Slow                     Hex            36%        N/A       28%         1
 Ensorcelled Hibernation  Hex/Ice        18%        N/A       38%         2
 Searing Ray              Conj           18%        2d5       38%         2
 Sublimation of Blood     Necr           9%         N/A       38%         2
 Summon Guardian Golem    Hex/Summ       14%        N/A       41%         3
 Mephitic Cloud           Conj/Pois/Air  12%        N/A       47%         3
 Confusing Touch          Hex            9%         N/A       61%         3
 Conjure Flame            Conj/Fire      9%         6-21      61%         3
 Dazzling Flash           Conj/Hex       18%        N/A       61%         3
 Frozen Ramparts          Ice            18%        1d3       61%         3
 Gell's Gravitas          Tloc           9%         N/A       61%         3
 Inner Flame              Hex/Fire       9%         N/A       61%         3
 Lesser Beckoning         Tloc           9%         N/A       61%         3
 Ozocubu's Armour         Ice            9%         N/A       61%         3
 Stone Arrow              Conj/Erth      18%        3d8       61%         3
 Swiftness                Air            9%         N/A       61%         3
 Teleport Other           Tloc           9%         N/A       61%         3
 Vampiric Draining        Necr           9%         2d6       61%         3
 Ice Form                 Ice/Tmut       15%        N/A       78%         4
 Animate Armour           Summ/Erth      28%        N/A       80%         4
 Summon Ice Beast         Ice/Summ       14%        N/A       80%         4
 Summon Lightning Spire   Summ/Air       14%        N/A       80%         4
 Blade Hands              Tmut           10%        N/A       88%         5
 Airstrike                Air            4%         2d(1-17)  94%         4
 Anguish                  Hex/Necr       4%         N/A       94%         4
 Cause Fear               Hex            4%         N/A       94%         4
 Flame Wave               Conj/Fire      9%         2d6       94%         4
 Fulminant Prism          Conj/Hex       4%         3d6       94%         4
 Iskenderun's Mystic Bla  Conj/Tloc      9%         2d4       94%         4
 Yara's Violent Unravell  Hex/Tmut       7%         3d5       98%         5
 Agony                    Necr           9%         N/A       100%        5
 Freezing Cloud           Conj/Ice/Air   4%         6-21      100%        5
 Lightning Bolt           Conj/Air       4%         1d16      100%        5
 Metabolic Englaciation   Hex/Ice        4%         N/A       100%        5
 Silence                  Hex/Air        4%         N/A       100%        5
 Dispersal                Tloc           4%         N/A       100%        6
 Iron Shot                Conj/Erth      4%         9d2       100%        6
 Simulacrum               Ice/Necr       4%         N/A       100%        6
 Starburst                Conj/Fire      4%         6d4       100%        6
 Enfeeble                 Hex            4%         N/A       100%        7
 Summon Hydra             Summ           10%        N/A       100%        7
 Discord                  Hex            4%         N/A       100%        8
 Polar Vortex             Ice            4%         N/A       100%        9


Dungeon Overview and Level Annotations

Branches:
Dungeon (15/15)            Temple (1/1) D:5            Lair (5/5) D:9
 Shoals (4/4) Lair:2       Spider (4/4) Lair:2        Slime (0/5) Lair:4
    Orc (2/2) D:10            Elf (0/3) Orc:2        Vaults (0/5) D:13
 Depths (2/4) D:15          IceCv (visited)

Altars:
Ashenzari
Cheibriados
Dithmenos
Elyvilon
Fedhas
Gozag
Hepliaklqana
Kikubaaqudgha
Makhleb
Nemelex Xobeh
Okawaru
Qazlal
Ru
Sif Muna
Trog
Uskayaw
Vehumet
Wu Jian
Xom
Yredelemnul
Zin
The Shining One
Jiyva

Shops:
D:5 ?   D:6 [   D:7 *   Orc:2 :(*[   Shoals:4 (

Annotations:
D:8 1 transporter
Lair:2 6 runed translucent doors


Innate Abilities, Weirdness & Mutations

You have razor-sharp teeth.
Your natural rate of healing is unusually fast.
When hurt, damage is shared between your health and your magic reserves.
Your bite disrupts and absorbs the magic of your enemies.
Potions cannot restore your health.
You are robust. (+10% HP)
Your spells are a little harder to cast, but a little more powerful.


Message History

You block the centaur's attack. The centaur misses you.
The centaur wields a +0 shortbow.
The centaur shoots an arrow.
The arrow completely misses you.
The merfolk impaler completely misses you.
The merfolk hits you from afar with a +0 halberd!
The centaur shoots an arrow.
The arrow misses you.
You hit the merfolk. You bite the merfolk. You drain its power.
You feel invigorated.
The merfolk is almost dead.
The centaur barely misses you. You block the centaur's attack.
The merfolk hits you but does no damage.
The centaur shoots an arrow.
The arrow hits you but does no damage. You block the merfolk's attack.
The merfolk impaler misses you.
You closely miss the merfolk. You bite the merfolk.
You kill the merfolk!
Fedhas appreciates your contribution to the ecosystem.
You hear a splash.
The centaur unwields a +0 shortbow.
The centaur completely misses you. The centaur kicks you.
The centaur completely misses you. You block the centaur's attack.
The merfolk barely misses you. The merfolk impaler misses you.
The centaur shoots an arrow.
The arrow hits you but does no damage.
The centaur unwields a +0 shortbow.
You block the centaur's attack. The centaur misses you.
You pummel the centaur!!
You kill the centaur!
Fedhas appreciates your contribution to the ecosystem.
You hear a splash.
You block the centaur's attack. x2; The merfolk completely misses you.
The centaur shoots an arrow.
The arrow hits you.
The merfolk impaler hits you from afar with a +1 vorpal trident!!
* * * LOW HITPOINT WARNING * * *
x2 The merfolk hits you from afar with a +0 halberd!!
* * * LOW HITPOINT WARNING * * *
Blink to where?
Press: ? - help, Dir - move target
As you read the scroll of blinking, it crumbles to dust.
The centaur wields a +0 shortbow.
The centaur shoots an arrow.
The arrow hits you!
You die...
Fedhas appreciates your contribution to the ecosystem.

....P........~cmmm~≈≈≈≈≈~
P.P~.......~~~)~~)~≈≈≈≈≈≈
........~~~~~~)cc)~≈≈≈≈≈≈
...P..PP~P~~~~~~~~~≈≈≈≈≈≈
~.#P..P.~P~~~~~~~~~≈≈≈≈≈≈
≈......~~~~~~~~~~~≈≈≈≈≈≈≈
~≈≈...~≈≈~P~~P.~~≈≈≈≈≈≈≈≈
≈≈≈≈≈.P≈~.###..~~~≈≈≈≈≈≈≈
≈≈≈≈≈≈~.....###~@~≈≈≈≈≈≈≈
≈≈≈≈≈≈~.<...#..)~≈≈≈≈≈≈≈~
~≈≈≈≈~~~.....~~~~~≈≈≈≈≈≈~~~~~~
~~~~~~~~.....~≈≈≈≈≈≈≈≈≈P~~P~~~~
.~~~.)....~~..~~≈≈≈≈≈≈≈~~~~~~~~~
.~~.......~~~~~~~≈≈≈≈≈≈~~P~P~~~~~
..~.....~~~~~~~~~≈≈≈≈≈≈~~~~~~~~~~
..~.....~.~~.~~~~~≈≈≈≈≈~~~~~~..~~
..~....~~.....~~~~≈≈≈≈≈~~~~~.....


You could see 2 centaurs.

Vanquished Creatures
  Nikola (Shoals:3)
  An Ice Fiend (IceCv)
  Jorgrun (Shoals:2)
  Polyphemus (Shoals:3)
  Frances (D:14)
  Gastronok (D:8)
  Ilsuiw (Shoals:2)
  A frost giant (Shoals:3)
  5 ghost moths
  6 emperor scorpions
  A fire giant (Depths:1)
  Aizul (Shoals:1)
  An orc warlord (Orc:2)
  An ironbound preserver (D:13)
  A very ugly thing (IceCv)
  A broodmother (Spider:1)
  A stone giant (Depths:2)
  An entropy weaver (Spider:4)
  2 spark wasps
  Azrael (Spider:3)
  A dire elephant (D:15)
  3 merfolk javelineers
  Snorg (D:14)
  3 merfolk impalers
  A fire dragon (Lair:5)
  7 boulder beetles
  6 hydras
  An ice dragon (Lair:5)
  A catoblepas (Shoals:3)
  A caustic shrike simulacrum (IceCv)
  2 merfolk avatars
  3 two-headed ogres
  6 centaur warriors
  2 radroaches
  A merfolk aquamancer (Shoals:3)
  A satyr (Shoals:3)
  5 orc high priests
  10 death yaks
  6 tengu warriors
  7 pharaoh ants
  5 skeletal warriors
  3 sun moths
  6 sea snakes
  2 bog bodies (IceCv)
  Lodul (D:10)
  14 steelbarb worms
  8 orb spiders
  2 obsidian statues (IceCv)
  Pikel (D:8)
  2 swamp dragons
  7 lindwurms
  A spriggan simulacrum (IceCv)
  A deep elf pyromancer (D:14)
  19 harpies
  13 wolf spiders
  A shining eye (Spider:1)
  4 orc knights
  4 orc sorcerers
  17 cyclopes
  7 ugly things
  19 manticores
  3 black mambas
  6 moths of wrath
  9 fauns
  2 gargoyles (D:12)
  4 merfolk sirens
  4 elephants (Lair:2)
  2 water nymphs
  An ice statue (D:12)
  7 cane toads
  Maggie (D:8)
  11 torpor snails
  An unseen horror (D:13)
  5 rime drakes
  An efreet (D:14)
  8 demonic crawlers
  4 freezing wraiths
  7 komodo dragons
  An ice devil (IceCv)
  The ghost of growler the Insei, a novice OpTm (D:5)
  A yaktaur (Shoals:2)
  The ghost of javelincjr the Chopper, an amateur MiBe of Trog (D:5)
  7 wind drakes
  4 golden dragon simulacra (IceCv)
  5 trolls
  17 merfolk
  34 tarantellas
  A queen bee (Spider:1)
  13 slime creatures
  3 polar bears
  9 meliai
  3 tyrant leeches (Lair:5)
  8 hornets
  20 blink frogs
  6 dream sheep
  9 snapping turtles
  15 culicivoras
  A spriggan (Lair:3)
  Sigmund (D:2)
  A vampire (D:8)
  8 water elementals
  23 jumping spiders
  4 wraiths
  3 fire elementals (Spider:3)
  32 yaks
  A hog (shapeshifter) (D:13)
  4 steam dragons
  7 basilisks
  4 wyverns
  Eustachio (D:4)
  A basilisk (shapeshifter) (D:15)
  2 minotaur simulacra (IceCv)
  3 vampire mosquitoes (D:15)
  51 redbacks
  Menkaure (D:5)
  3 wargs (Orc:1)
  Duvessa (D:5)
  2 hell hounds (Spider:3)
  7 water moccasins
  An acid dragon (Lair:5)
  A floating eye (Spider:1)
  2 hydra simulacra (IceCv)
  A swamp drake (Lair:5)
  30 orc warriors
  An ice beast (D:5)
  A sky beast (D:7)
  3 black bears
  15 ogres
  4 ettin simulacra (IceCv)
  6 wolves
  16 centaurs
  3 phantoms
  3 kobold brigands
  11 bullfrogs
  3 necrophages
  3 scorpions
  A deep troll simulacrum (IceCv)
  5 wights (D:7)
  Dowan (D:5)
  27 killer bees
  2 howler monkeys
  4 electric eels
  3 lava snakes (Lair:2)
  43 orc priests
  3 jellies
  4 hounds
  4 gnoll boudas
  Jessica (D:3)
  Terence (D:2)
  Natasha (thrice) (D:3)
  6 iguanas
  39 orc wizards
  10 gnolls
  8 adders
  A shadow imp (D:6)
  4 white imps
  An ufetubus (D:7)
  A worm (D:6)
  A dart slug (D:4)
  112 orcs
  10 endoplasms
  4 giant cockroaches
  7 goblins
  11 hobgoblins
  4 jackals (D:1)
  5 quokkas
  3 ball pythons
  A ball python skeleton (D:2)
  5 bats
  A frilled lizard (D:1)
  10 kobolds
  12 rats
1092 creatures vanquished.

Vanquished Creatures (collateral kills)
  A jelly (D:6)
  An adder (D:2)
  An endoplasm (D:1)
  A ball python (D:1)
  9 ballistomycete spores (Shoals:2)
13 creatures vanquished.

Vanquished Creatures (others)
  An emperor scorpion (Spider:4)
  A redback (Spider:3)
  An orc wizard (D:10)
  3 orcs
  A bush (Lair:3)
  34 fungi
  136 plants
  6 withered plants (D:5)
183 creatures vanquished.

Grand Total: 1288 creatures vanquished

Notes
Turn   | Place    | Note
-------+----------+-------------------------------------------
     0 | D:1      | Nonny the Vine Stalker Wanderer began the quest for the
                  | Orb.
     0 | D:1      | Nonny set off with the following items: a +0 club, a scroll
                  | of summoning, a +0 robe, a +0 buckler; and the following
                  | spells available to memorise: Summon Small Mammal, Call
                  | Canine Familiar, Sting, Summon Guardian Golem, Mephitic
                  | Cloud.
     0 | D:1      | Reached XP level 1. HP: 10/10 MP: 5/5
     2 | D:1      | Learned a level 1 spell: Summon Small Mammal
     4 | D:1      | Learned a level 1 spell: Sting
    33 | D:1      | Amulet of regeneration to northeast of starting point.
   101 | D:1      | Starting vault: 8-pointed star
   142 | D:1      | Found a faded altar of an unknown god.
   160 | D:1      | Reached XP level 2. HP: 10/14 MP: 0/7
   174 | D:1      | Book of Changes
   182 | D:1      | Book of Geomancy
   182 | D:1      | Passwall would be good for this starting vault.
   217 | D:1      | Learned a level 1 spell: Beastly Appendage
   522 | D:1      | rC+ ring in southwest quadrant
   738 | D:1      | +4 AC ring
   812 | D:1      | Reached XP level 3. HP: 18/18 MP: 7/9
   896 | D:1      | Book of Blood
  1241 | D:2      | Oh no. Two adders + worm in this room.
  1257 | D:1      | Be careful with the downstairs closer to the northwest
                  | corner.
  1272 | D:2      | Noticed Terence
  1292 | D:2      | Killed Terence
  1293 | D:2      | Reached skill level 1 in Unarmed Combat
  1293 | D:2      | Gained mutation: Your natural rate of healing is unusually
                  | fast. [Vine Stalker growth]
  1293 | D:2      | Reached XP level 4. HP: 20/22 MP: 1/11
  1295 | D:2      | +2 short of venom from him B)
  1297 | D:2      | going unarmed though
  1327 | D:2      | Amulet of guardian spirit outside 2adder+worm room.
  1338 | D:2      | Reached skill level 1 in Poison Magic
  1380 | D:2      | +0 helmer
  1380 | D:2      | Noticed Sigmund
  1527 | D:2      | Necromancy lite floor.
  1672 | D:2      | 3 poisoned darts in south
  1766 | D:3      | sedimented purple potion - heal wounds
  1768 | D:3      | YGEPHOMETE - identify
  1769 | D:3      | murky black - curing
  1770 | D:3      | gluggy blue - flight
  1835 | D:3      | Noticed Natasha
  1842 | D:3      | Killed Natasha
  1846 | D:3      | ez pz
  1875 | D:3      | Found a basalt altar of Yredelemnul.
  1903 | D:3      | Noticed Jessica
  1912 | D:3      | Killed Jessica
  1913 | D:3      | Reached skill level 1 in Transmutations
  1913 | D:3      | Reached XP level 5. HP: 16/25 MP: 11/13
  1917 | D:3      | She has a +3 dagger of venom, which is actually kinda
                  | nasty.
  1937 | D:3      | Book of Debilitation
  1960 | D:3      | wand of digging (7) BRONZE WAND
  2069 | D:3      | First orc wizard
  2098 | D:3      | Reached skill level 2 in Unarmed Combat
  2098 | D:3      | Reached skill level 5 in Spellcasting
  2106 | D:3      | Noticed Natasha
  2119 | D:3      | Killed Natasha
  2128 | D:3      | blue potion - haste
  2161 | D:3      | Book of Changes 2
  2190 | D:3      | Noticed Natasha
  2199 | D:3      | Killed Natasha
  2200 | D:3      | Reached XP level 6. HP: 30/30 MP: 11/14
  2306 | D:4      | ring of ice
  2323 | D:4      | Reached skill level 1 in Dodging
  2839 | D:4      | Noticed Eustachio
  3022 | D:4      | First ogre
  3342 | D:5      | Entered Level 5 of the Dungeon
  3349 | D:5      | Reached skill level 3 in Unarmed Combat
  3357 | D:5      | Reached XP level 7. HP: 29/33 MP: 9/16
  3429 | D:5      | DENARY OCZI - noise
  3545 | D:5      | Book of Flames
  3575 | D:5      | Noticed Duvessa
  3628 | D:5      | Noticed Menkaure
  3649 | D:5      | Killed Menkaure
  3652 | D:5      | Kinda risky, but magic disruption really screws him over.
  3672 | D:5      | ice beast
  3890 | D:5      | Found a hide-covered altar of Uskayaw.
  3953 | D:5      | +1 dagger of freezing on an orc
  3954 | D:5      | Found Godueshu's Magic Scroll Boutique.
  3959 | D:5      | Bought a scroll of identify for 26 gold pieces
  3959 | D:5      | Bought a scroll of identify for 26 gold pieces
  3959 | D:5      | Bought a scroll of teleportation for 39 gold pieces
  3960 | D:5      | bubbling cyan - mutation
  3961 | D:5      | puce - brilliance
  4055 | D:5      | Gnoll pack with bouda
  4162 | D:5      | Reached skill level 1 in Stealth
  4183 | D:5      | Reached skill level 4 in Unarmed Combat
  4188 | D:5      | Gained mutation: You have razor-sharp teeth. [Vine Stalker
                  | growth]
  4188 | D:5      | Reached XP level 8. HP: 32/37 MP: 14/18
  4216 | D:5      | Found a runed translucent gate.
  4217 | D:5      | Found a runed translucent gate.
  4217 | D:5      | Found a runed translucent gate.
  4219 | D:5      | Noticed growler's ghost (novice OpTm)
  4219 | D:5      | Noticed javelincjr's ghost (amateur MiBe)
  4271 | D:5      | necrophage
  4291 | D:5      | Book of Flames 2...
  4307 | D:5      | Noticed Dowan
  4439 | D:6      | Found a shimmering blue altar of Sif Muna.
  4495 | D:6      | First orc warrior.
  4646 | D:6      | +1 helmet
  4692 | D:6      | Found Waupsaz's Armour Boutique.
  4723 | D:6      | Lava pool and a couple statues by this shop.
  4723 | D:6      | 291 gold for +3 rF+ chain mail
  4908 | D:7      | Xom's chessboard
  5105 | D:6      | Another necrophage.
  5108 | D:6      | Mindburst wand
  5110 | D:6      | Necrophage has a mind to be basted!!
  5133 | D:6      | Found a glowing golden altar of the Shining One.
  5231 | D:6      | Reached skill level 5 in Unarmed Combat
  5321 | D:7      | Found Milu's Assorted Antiques.
  5325 | D:7      | Identified the +6 war axe "Miaq" {vorpal, rC+ rCorr Str-3
                  | SInv}
  5327 | D:7      | 261 gold for a smoking scale mail
  5371 | D:7      | Third necrophage, guarding a scroll of identify.
  5386 | D:7      | fizzy grey - magic
  5434 | D:7      | Reached XP level 9. HP: 42/42 MP: 14/20
  5449 | D:7      | +2 short sword of draining on kobold brigand
  5455 | D:7      | Reached skill level 6 in Unarmed Combat
  5647 | D:7      | Wyvern
  5713 | D:7      | Book of Winter in northeastern room
  5744 | D:7      | wand of paralysis (6)
  5780 | D:7      | Second orc warrior
  5808 | D:7      | QUIRIUT HED - enchant armour
  5809 | D:7      | MARE SOESSO - magic mapping
  5810 | D:7      | QAZAPO YMEORO - immolation
  5811 | D:7      | JECIYW UTUPH - blinking
  5817 | D:7      | Mindblast coming in handing with that immolation...
  5829 | D:7      | Reached skill level 7 in Unarmed Combat
  5993 | D:7      | fuming sapphire - might
  6058 | D:7      | +6 dex ring
  6065 | D:7      | Identified the +6 war axe "Fihu" {freeze, *Rage rC+ Dex+6}
  6088 | D:7      | Book of Displacement
  6404 | D:2      | Killed Sigmund
  6611 | D:4      | Killed Eustachio
  6617 | D:4      | Learned a level 3 spell: Spider Form
  6666 | D:4      | +6 ring of strength
  6983 | D:5      | Killed Dowan
  7201 | D:6      | Book of Cantrips
  7238 | D:8      | Noticed a cyan ugly thing
  7256 | D:7      | Nasty!
  7270 | D:8      | Book of Displacement again...
  7275 | D:8      | rF+ ring
  7279 | D:8      | Book of Storms
  7286 | D:8      | Noticed Maggie
  7298 | D:8      | Noticed Gastronok
  7299 | D:8      | Noticed Pikel
  7307 | D:8      | Not a nice floor so far.
  7381 | D:8      | Reached XP level 10. HP: 39/47 MP: 9/23
  7430 | D:8      | Book of Iron
  7439 | D:8      | Reached skill level 8 in Unarmed Combat
  7474 | D:8      | Found a transporter.
  7515 | D:8      | Book of Spectacle
  7516 | D:8      | Found an iron altar of Okawaru.
  7594 | D:8      | Found a blossoming altar of Fedhas.
  7625 | D:8      | Killed Pikel
  7674 | D:8      | Became a worshipper of Fedhas Madash
  7726 | D:8      | yay steam dragon scales
  7802 | D:8      | Reached skill level 5 in Dodging
  7840 | D:8      | Noticed a centaur warrior
  7846 | D:8      | Noticed a boulder beetle
  7902 | D:8      | Reached skill level 9 in Unarmed Combat
  7953 | D:8      | Big forest vault on this floor. Contains enemies nasty for
                  | this early on.
  8170 | D:9      | YAKS!
  8300 | D:9      | BOYHEV CONURUC - vulnerability
  8301 | D:9      | ZUISARPH JESI - brand weapon
  8302 | D:9      | MUSSIL QEUDA - torment
  8303 | D:9      | ODGHIO UPSUKE - smoke
  8303 | D:9      | >ODGHIO
  8303 | D:9      | DCSS version of Ohio
  8321 | D:10     | Entered Level 10 of the Dungeon
  8328 | D:10     | Reached * piety under Fedhas
  8362 | D:10     | Found a staircase to the Orcish Mines.
  8398 | D:10     | Reached skill level 10 in Unarmed Combat
  8408 | D:10     | Reached ** piety under Fedhas
  8627 | D:10     | wand of roots (6)
  8655 | D:10     | Reached XP level 11. HP: 48/52 MP: 17/25
  9089 | D:10     | Found a hazy altar of Hepliaklqana.
  9097 | D:10     | Found a shimmering altar of Xom.
  9104 | D:10     | Found a white marble altar of Elyvilon.
  9111 | D:10     | Found a snail-covered altar of Cheibriados.
  9117 | D:10     | Found a burning altar of Makhleb.
  9125 | D:10     | Found an ancient bone altar of Kikubaaqudgha.
  9129 | D:10     | Found an ornate altar of the Wu Jian Council.
  9223 | D:11     | Noticed a purple ugly thing
  9224 | D:11     | NOPE
  9305 | D:9      | Noticed a two-headed ogre
  9445 | D:5      | Killed Duvessa
  9542 | D:5      | Killed growler's ghost
  9569 | D:5      | Killed javelincjr's ghost
  9570 | D:5      | Reached skill level 11 in Unarmed Combat
  9654 | D:5      | Found a staircase to the Ecumenical Temple.
  9660 | D:5      | Temple entrance: 3 T's
  9661 | Temple   | Entered the Ecumenical Temple
  9702 | Temple   | Temple: Stormwatch in a circular chamber.
 10025 | D:9      | Noticed a cyclops
 10032 | D:9      | Killed a cyclops
 10040 | D:9      | ZERO DAMAGE!
 10190 | D:8      | Found a broken altar of Ashenzari.
 10201 | D:8      | Killed Maggie
 10204 | D:8      | She has +0 steam dragon scales.
 10277 | D:9      | 6 curare darts
 10281 | D:9      | Found a staircase to the Lair.
 10304 | D:9      | First cloak (+0)
 10435 | Lair:1   | Entered Level 1 of the Lair of Beasts
 10504 | Lair:1   | Book of Burglary
 10757 | Lair:1   | Reached skill level 12 in Unarmed Combat
 10792 | Lair:1   | Identified the +5 ring mail "Uloes" {rPois Str+3 SInv}
 10810 | Lair:1   | Might be good for this character.
 10850 | Lair:1   | staff of fire in southeast
 10961 | Lair:1   | Alarm trap towards the east middle
 11002 | Lair:1   | wand of acid (4) in northeast
 11241 | Lair:2   | metallic silvery potion - ambrosia
 11274 | Lair:2   | Found a hole to the Spider Nest.
 11299 | Lair:2   | Reached *** piety under Fedhas
 11407 | Lair:2   | Found a runed translucent door.
 11419 | Lair:2   | Identified the +2 hat "Moghilotu" {rElec rF++ Int-3 Dex+4}
 11421 | Lair:2   | Int-3 :(
 11422 | Lair:2   | Found a runed translucent gate.
 11422 | Lair:2   | Found a runed translucent gate.
 11422 | Lair:2   | Found a runed translucent gate.
 11422 | Lair:2   | Found a runed translucent gate.
 11422 | Lair:2   | Found a runed translucent gate.
 11422 | Lair:2   | Found a runed translucent gate.
 11422 | Lair:2   | Noticed a lindwurm
 11422 | Lair:2   | Noticed a boulder beetle
 11470 | Lair:2   | Noticed a boulder beetle
 11667 | Lair:2   | Neat vault: wavy hall with electric eels and lava snakes.
 11705 | Lair:2   | metallic ruby - degeneration
 11784 | Lair:2   | Found a staircase to the Shoals.
 11808 | Lair:2   | Reached XP level 12. HP: 30/57 MP: 10/26
 12036 | Lair:2   | Reached skill level 13 in Unarmed Combat
 12612 | Lair:3   | MUORROI FAMABB - amnesia
 12612 | Lair:3   | Identified a scroll of acquirement
 12612 | Lair:3   | Acquired 888 gold pieces
 12615 | Lair:3   | LAUFFO UGRI - fear
 12616 | Lair:3   | LEMICIO NOANK - enchant weapon
 12759 | Lair:3   | black potion - cancellation
 12799 | Lair:3   | Reached **** piety under Fedhas
 12812 | Lair:3   | purple potion - attractin
 13028 | Lair:3   | Reached skill level 14 in Unarmed Combat
 13789 | Lair:4   | Book of Hexes
 13802 | Lair:4   | Noticed a four-headed hydra
 13828 | Lair:4   | Killed a four-headed hydra
 13829 | Lair:4   | Very little damage taken.
 13981 | Lair:4   | Found a viscous altar of Jiyva.
 13981 | Lair:4   | Found a staircase to the Slime Pits.
 14025 | Lair:4   | Book of Rime
 14100 | Lair:4   | Reached XP level 13. HP: 63/63 MP: 27/27
 14114 | Lair:4   | Reached skill level 15 in Unarmed Combat
 14197 | Lair:4   | +2 helmet
 14257 | Lair:5   | Entered Level 5 of the Lair of Beasts
 14278 | Lair:5   | Reached ***** piety under Fedhas
 14286 | Lair:5   | +1 hat
 14395 | Lair:5   | phantom mirror
 14478 | Lair:5   | seven (7) headed hydra
 14511 | Lair:5   | dark potion - lignification
 14516 | Lair:5   | Reached skill level 5 in Stealth
 14588 | Lair:5   | Another amulet of regen
 15001 | Lair:5   | Found a runed translucent door.
 15002 | Lair:5   | Noticed an ice dragon
 15265 | Lair:5   | Reached skill level 5 in Fighting
 15265 | Lair:5   | Reached skill level 1 in Armour
 15304 | Lair:5   | Reached skill level 10 in Dodging
 15695 | Lair:5   | Noticed a fire dragon
 15706 | Lair:5   | Killed a fire dragon
 15707 | Lair:5   | Reached skill level 10 in Spellcasting
 15727 | Lair:5   | staff of conjuration in reptile/dragon vault
 15832 | Lair:5   | Reached XP level 14. HP: 65/68 MP: 26/29
 15856 | Lair:5   | Killed an ice dragon
 15987 | Lair:5   | Paralysed by a hornet for 3 turns
 16023 | Lair:5   | Paralysed by a hornet for 1 turns
 16034 | Lair:5   | Paralysed by a hornet for 3 turns
 16075 | Lair:5   | That was so risky...
 16387 | D:8      | Killed Gastronok
 16403 | D:8      | +2 int hat from Gastronok
 16650 | D:8      | Phantom mirror in the center of the vault.
 16650 | D:8      | Also a boulder beetle.
 16732 | D:9      | Two-headed ogre slain.
 16810 | Orc:1    | Entered Level 1 of the Orcish Mines
 17028 | Orc:2    | Entered Level 2 of the Orcish Mines
 17028 | Orc:2    | Found Lyzaha's Self-Improvement Boutique.
 17046 | Orc:1    | Reached ****** piety under Fedhas
 17185 | Orc:1    | Orc:2 has quite the welcome party.
 17185 | Orc:1    | Not playing optimally, but I'm OK.
 17350 | Orc:1    | +2 willpower plate armor
 17414 | Orc:2    | Manuals: Axes, Conjurations
 17414 | Orc:2    | Also: Maces & Flails, Summoning
 17518 | Orc:2    | Found a staircase to the Elven Halls.
 18052 | Orc:2    | Reached skill level 5 in Armour
 18399 | Orc:2    | Found Ritraleu's Assorted Antiques.
 18399 | Orc:2    | Found Ejitsaff's Antique Weapon Emporium.
 18412 | Orc:2    | Found Cixkydgh's Weapon Emporium.
 18421 | Orc:2    | Found Elukudweybi's Antique Armour Shoppe.
 18424 | Orc:2    | Bought a scroll of identify for 46 gold pieces
 18424 | Orc:2    | Bought a scroll of blinking for 172 gold pieces
 18424 | Orc:2    | Bought a brown potion for 20 gold pieces
 18425 | Orc:2    | brown potion - invisibility
 18426 | Orc:2    | Nothing remarkable in Elukudweybi's shoppe.
 18787 | Orc:1    | Noticed an orc warlord
 18792 | Orc:2    | Southeast Orc:2 upstairs leads to the warlord.
 18872 | Orc:2    | Troll leather armor
 18973 | Orc:2    | HP: 3/70 [orc warlord/+2 war axe of freezing (15)]
 18973 | Orc:2    | HP: 1/70 [orc warlord/+2 war axe of freezing (2)]
 18976 | Orc:2    | Damn, I'm stupid.
 18988 | Orc:2    | Killed an orc warlord
 19473 | D:11     | Noticed Lodul
 19527 | D:10     | Killed Lodul
 19612 | D:11     | staff of fire
 19629 | D:11     | Found a shadowy altar of Dithmenos.
 19658 | D:11     | Manticore
 19717 | D:11     | fuming amethyst - resistance
 19872 | D:11     | Reached XP level 15. HP: 65/74 MP: 26/30
 20271 | D:12     | Ice statue.
 20331 | D:12     | Scroll of acquirement in hallway near 7-headed hydra.
 20604 | D:12     | Redback pressure plat
 20665 | D:12     | Acquired the +3 buckler of Uneudoz {rN+}
 21017 | D:13     | Found a gate to the Vaults.
 21019 | D:13     | Unseen horror
 21190 | D:13     | Condenser vane
 21218 | D:13     | Lindwurm island vault.
 21255 | D:13     | Book of the Senses.
 21272 | D:13     | Book of Misfortune
 21278 | D:13     | Book of Maledictions
 21298 | D:14     | Noticed Snorg
 21339 | D:14     | You fall into a shaft and drop 1 floor!
 21339 | D:15     | Entered Level 15 of the Dungeon
 21757 | D:15     | Found a staircase to the Depths.
 21794 | D:15     | phial of floods
 21894 | D:15     | Identified the +11 scale mail of Cuyd {rC+}
 22456 | D:15     | Found a bloodstained altar of Trog.
 22659 | Depths:1 | Entered Level 1 of the Depths
 22659 | Depths:1 | Noticed a fire giant
 22680 | Depths:1 | Killed a fire giant
 22851 | Depths:1 | Note: Tree is in initial Depths room with the fire giant
                  | and tengu warrior. It will burst into flames!
 23115 | D:14     | Noticed Nessos
 23256 | D:14     | Killed Snorg
 23362 | D:14     | Skeletal warriors. Beware!
 23381 | D:14     | Noticed Frances
 23406 | D:14     | Noticed Nessos
 23406 | D:14     | Nessos changed into Nessos the swamp dragon
 23440 | D:13     | Killed Nessos the swamp dragon
 23441 | D:13     | Reached XP level 16. HP: 51/80 MP: 27/31
 23587 | D:14     | staff of cold
 23701 | D:14     | Killed Frances
 24231 | Spider:1 | Entered Level 1 of the Spider Nest
 24555 | Spider:1 | Yak corpses?
 24891 | Spider:1 | Gained mutation: Your body sometimes deteriorates upon
                  | taking damage. [a shining eye]
 24898 | Spider:1 | Lost mutation: Your body sometimes deteriorates upon taking
                  | damage. [potion of mutation]
 24898 | Spider:1 | Gained mutation: You are robust. (+10% HP) [potion of
                  | mutation]
 24898 | Spider:1 | Gained mutation: Your spells are a little harder to cast,
                  | but a little more powerful. [potion of mutation]
 26020 | Spider:2 | Ice cave entrance towards the center, a little to the east
                  | or left.
 26150 | Spider:2 | Found a frozen archway.
 26181 | Spider:2 | Reached skill level 5 in Invocations
 26198 | IceCv    | Entered an ice cave
 26433 | IceCv    | Caustic shrike simulacrum
 26499 | IceCv    | Golden dragon simulacrum is also a bit nasty.
 26499 | IceCv    | At least two ettin simulacra...
 26690 | IceCv    | Noticed an Ice Fiend
 26702 | IceCv    | Killed an Ice Fiend
 26703 | IceCv    | BERSERK RAGE WORKS!!!
 26707 | IceCv    | Book of Ice
 26709 | IceCv    | sInv helmet
 26711 | IceCv    | tower shield of cold resistance
 26714 | IceCv    | +1 robe of resistance
 26802 | Spider:2 | Magic mapping scroll here to compensate for the one I used!
 27003 | Spider:2 | Reached skill level 16 in Unarmed Combat
 27133 | Spider:2 | At least two ghost moths on this floor.
 27147 | Spider:2 | ring of fire
 27171 | Spider:2 | Identified the +1 pair of gloves "Uckis" {-Cast Fly rElec
                  | Regen+}
 27172 | Spider:2 | Haven't bothered much with spellcasting this game. :/
 27173 | Spider:2 | lol -2 pair of glovs
 27174 | Spider:2 | -2 hat
 27175 | Spider:2 | -2 dex gloves
 27182 | Spider:2 | What is this vault?
 27432 | Spider:2 | Reached XP level 17. HP: 70/94 MP: 24/32
 27470 | Spider:3 | staff of earth
 28101 | Spider:3 | Noticed Azrael
 28235 | Spider:3 | Killed Azrael
 28267 | Spider:3 | Reached skill level 17 in Unarmed Combat
 28325 | Spider:3 | Reached skill level 1 in Evocations
 28467 | Spider:3 | Former orc place of worship vault. Pretty cool one! Love
                  | the orc skeletons.
 28505 | Spider:4 | Entered Level 4 of the Spider Nest
 29212 | Spider:4 | Entropy weaver
 29280 | Spider:4 | Seems to be a lot of steelbarb worms here.
 29515 | Spider:4 | Reached skill level 18 in Unarmed Combat
 30135 | Spider:4 | Lots of emperor scorpions and ghost moths in end vault, I
                  | figure.
 30146 | Spider:4 | Seems like the key is to start from the northernmost stairs
                  | and gradually make your way around clockwise.
 30146 | Spider:4 | Alarm traps and scroll of noise are about.
 30166 | Spider:4 | +2 hat of willpower.
 30183 | Spider:4 | lol orb spider blows up emp scorp
 30223 | Spider:4 | Got a gossamer rune of Zot
 30226 | Spider:4 | scarf of shadows
 30420 | Shoals:1 | Entered Level 1 of the Shoals
 30449 | Shoals:1 | +5 spear of distortion
 30556 | Shoals:1 | Another spear of distortion...
 30688 | Shoals:1 | Reached XP level 18. HP: 97/101 MP: 31/33
 30903 | Shoals:1 | There-And-Back Book
 30948 | Shoals:1 | Reached skill level 19 in Unarmed Combat
 31398 | Shoals:2 | Noticed Aizul
 31414 | Shoals:2 | Noticed Jorgrun
 31439 | Shoals:2 | Killed Jorgrun
 32014 | Shoals:2 | Noticed Ilsuiw
 32082 | Shoals:1 | Killed Aizul
 32267 | Shoals:2 | Killed Ilsuiw
 32324 | Shoals:3 | Identified the +1 pair of gloves "Waogufirch" {Dex+3}
 32434 | Shoals:3 | Randart gloves of Shoals:3 in north middle
 32572 | Shoals:3 | multiple cyclops
 32585 | Shoals:3 | Frost giant too.
 32630 | Shoals:3 | Book of Spectacle
 32634 | Shoals:3 | Reached skill level 20 in Unarmed Combat
 32810 | Shoals:3 | Noticed Polyphemus
 32850 | Shoals:3 | He is in the south.
 33026 | Shoals:3 | Noticed Nikola
 33040 | Shoals:3 | Killed Nikola
 33041 | Shoals:3 | ez pz B)
 33285 | Shoals:3 | Killed Polyphemus
 33442 | Shoals:4 | Entered Level 4 of the Shoals
 33442 | Shoals:4 | Found Ziso Tan's Antique Weapon Boutique.
 33756 | Shoals:4 | Better to clear the floor first than deal with the blue
                  | wall vaults.
 33918 | Shoals:4 | Kraken in northeast!
 34101 | Shoals:4 | HP: 1/102 [merfolk/+0 halberd[a merfolk impaler] (16)]
 34102 | Shoals:4 | Shot with an arrow by a centaur

Illustrated notes #+#######+# ##.........# ##.[.## #... ##.#.#.###.#.# ##.##.##.#.##.# ##.###.###.###.# ##.####.##.#.##.####.## +.........###.........+ #..####.## ###@####.. #.#.###.# #.# #.##.#.# ##. #.###.## #. #.##.#.## #. #.#.###.# #. #..####.### #. +......<..# .. ##.####.##.# Turn 33 on D:1: Amulet of regeneration to northeast of starting point. #.#.###.# #.###.#.# #..####.### ###.####..# +......<..###.........+ ##.####.##.#.##.####.## ##.###.###.###.###.## ##.##.##.#.##.##.## ##.#.#.###.#.#.## ##...#####...## ##.......@.## #+#######+# Turn 101 on D:1: Starting vault: 8-pointed star ###.###†###.###.## ...8 .##.##.#.##.##.## ..._. #.#.#.###.#.#.#####....8 ##...#####...###........ ##.........## #.$:$.... ###+#######'####........ ........................ ##.#.#.#.####.#..#...... .........>....##@r...!.. .#.#.#.#.#######.#...... ......... #.#^....# #.#.#.#.#.. ... ....# ...........## #.# ...# .#.# #.#.# . ..# .... ... ..... . #.# # ..# Turn 174 on D:1: Book of Changes #.# #.###.#.# #.### ###.####..###...# .<..###.........+.....#. #.##.#.##.####.##......# #.###†###.###.## ....8.. #.##.#.##.##.## ..._..# #.#.###.#.#.#####....8.. ...#####...###.......... #.........## #..@$...... #+#######'####.......... ........................ .#.#.#.####.#..#........ .......>....##.....!...# .#.#.#.#######.#........ ......... #.#^....#.# .#.#.#.#.. ........#.# .........## #.#.#...# Turn 182 on D:1: Book of Geomancy ##.#.#.#.# #####.#...###.........> ##.............#.#.#.#.# ...~~~~.~~~~~........... ...~≈≈~.≈≈≈≈~..#.#.#.#.# ...~≈≈≈.≈≈≈≈~........... ...~≈≈≈.~≈≈~~..#.#.#.#.# ...~≈~~................. .......@.~≈~~..#.#.#.#.# ...~~~~~.~≈≈~....# #.#.# ...~≈≈≈~.≈≈≈~....# #.#.. ...~~≈≈~.~≈≈≈....# #.### ...~~~~≈.~≈~~....###.### ........†........'...... #.....###........###.### ###### ##.......# #.# # ##'###### #.# # Turn 522 on D:1: rC+ ring in southwest quadrant # ### + ... # ###+##+##+#.# # #..?...?....#.# # #........@....# # #...............# # #................ # #...............# # #...............#.### + ###.##+#............+ ..## #.# #####[##.....#...# #.# #.##.....#...# #.# ............. Turn 738 on D:1: +4 AC ring ##.#.###.#....#...+.........###.. ##.#.....+........#..####.### ### ##'#.#.#.#........#.#.###.# # .....#.#.#........#.##.#.## # .......#.#.# #....#.###.## .........#.###....#.##.#.## # .............'....#.#.###.# # .........#.###....#..####.### ### .........#.###..@.+......<..###.. #............+...###.####.##.#.## #####[##.....#...# ##.###.###†### #####.##.....#...# ##.##.##.#.## .†................ ##.#.#.###.# #####.##........... ##...#####. #.#......#.#.#.# ##........ #####.#......#.#.#.# ####+####### ...†...........# ............ Turn 896 on D:1: Book of Blood ######### #.......# #.⌠.⌠.⌠S# #.......# +w.....@# #......S# #.⌠.⌠.⌠.# #.......# ######### Turn 1241 on D:2: Oh no. Two adders + worm in this room. #...............#.## #................... #...............#.## #...............#.## ###.##'#............ #.##.#####[##..... #.##.#####.##..... #.##..†........... #@########.##..... #.# #.#...... ####'########.#...... #..........†......... ###.........###.#.##### #...........# #.#.##### ###.........# #.#.##... #.........# #......~~ #.........###......~≈ Turn 1257 on D:1: Be careful with the downstairs closer to the northwest corner. ####### ......> ....... ....... ....... ########## ....... #.......[# .......##........# ............@b...###### .......#.......†.>..... .......##........###### ....... #.....<..# .###### ########## ######### #.......# Turn 1295 on D:2: +2 short of venom from him B) ####### ......> ....... ....... ....... ########## ....... #.......[# .......##........# ............@b...###### .......#.......†.>..... .......##........###### ....... #.....<..# .###### ########## ######### #.......# Turn 1297 on D:2: going unarmed though #...................... ...........##........#. .#.!..................## ....(.................## ................######## #...P.P...##..#......... #.P..P#....####..##### #...P.....######### #...P@...##.......# #........##.⌠.⌠.⌠.# #.........#......S# ............+w.....<# ..#.........#......S# . #.........#.⌠.⌠.⌠.# #........##.......# .........$######### Turn 1327 on D:2: Amulet of guardian spirit outside 2adder+worm room. #....... #.###.#. # #######.# ... ## ##. #.......# .#. # .$ ...#.......# ... #. #.###.###.###.###.#. #.# ..............#.... #...##.###.###.##..# #.#.#.@.........#.## #.#...##.###.##...# #.#.#.#.......#.#.# #.. #...##.##...#).# #. #.#.#...#.#.#.## # ...#...#...#...# #.#.#.#...#.#.#.# ...#...##.##...#... ### #.#.......#.#.### Turn 1380 on D:2: +0 helmer ....##.......## .....#......## ##..........## #...........# ..............###### ###............88.P# #..............(8# #..(........#..P.# ............##@...# #.?.........##.#...... #..8.................. ............##....... ............. .#.##.. ...$.......####.# . ... # ... Turn 1527 on D:2: Necromancy lite floor. ...#.............####..(........# ##..#.#.#.#.#..................## .#.##............###...........## ...###...........# #..8.......... .#.# #....#......###............# .#).##....#...................... .#.###....#......####...........# ...#.......######## ##..........# .#.##...........@.# #.........#. .#.....#.########.## #.#......#.. .#.###.#.# #..###.....#..#.# ...###.#.# #....).....##...# .#. ##.#.# #....<.....###### ## #.#.# #..........# . #.#.# #.#.######## #.#.# #.#.# #.#.# #...# Turn 1672 on D:2: 3 poisoned darts in south # #.### #..@# ##### Turn 1766 on D:3: sedimented purple potion - heal wounds ## #. #.### #.@<# ##### Turn 1768 on D:3: YGEPHOMETE - identify ## #. #.### #.@<# ##### Turn 1769 on D:3: murky black - curing ## #. #.### #.@<# ##### Turn 1770 on D:3: gluggy blue - flight .........# .........# .........# .........# .........+ ....... #...# #..@# #...# #...# #...# # #...# ... #...# #...##...# #.......# .# ###.....# #.# Turn 1846 on D:3: ez pz ######## ####### #......# ....... #.##.#.# .......#########..._..# ................).#.### ...#+#.@....#######.# #+#......# #.# .........# #.# ..........# #.# ............# #.# ..!.........#######.# ............'...>##.# ............####.##.# ..##...## #.##.# Turn 1917 on D:3: She has a +3 dagger of venom, which is actually kinda nasty. #............# #.# #####............#######.# .................'...>##.# .####............####.##.# #......##...## #.##.# #......##...# #....# #......##...# #.#### #......##...# #.# #####@###...# #.# #.# #...# #.# ...# #...# #.# #...##...# #.# ##.......# #.# ###.....# #.# ##....# #.#### ####.### #.#... #...# #.#.## Turn 1937 on D:3: Book of Debilitation #. ###.....# #.# #####'#####....# #.### .........#####.### #.#.. .........# #...# #.#.# .........# #.#.###.#.! .........#####.#..##.### ...............##'#..... .........#...........### .......@.#.....†....[... .........#.............. .#########...........†.# ##########..... #...># #..... ###### Turn 1960 on D:3: wand of digging (7) BRONZE WAND ## .# .# ########.# #........# ## #...<.... ..# #......r#######.# #..r...@.......># #.# #.o.............# #.# #..o............# #.# #######.........# #.# #.........# #.## #########.# ##... #.####...[ #..).'.... ######.... Turn 2069 on D:3: First orc wizard ########## '......@.# ########b# ########b# #........# ## #...<....# ..# #....†..#######.# #..............># #.# #...............# #.# #...............# #.# Turn 2128 on D:3: blue potion - haste ###### #....# #....# ####### # #....# #>.... ... #....# #...####..## #....########@..(...:. #...........†....#... #.....##########.# ##....'........# # #....########.# #....########.# #....#........# ## #....#...<....# ..# #....#....†..#######.# Turn 2161 on D:3: Book of Changes 2 #####+### # #.......# .# #...@...# <.# ##.......# ...# ..#.......##....## ######.........†....... #.....###....#.######## #.....# ####.#.### #.....# #.....# #.....######.#.#.+ #.....'......#.### Turn 2306 on D:4: ring of ice #.# #.........'.....+ #.# #.###.#####.....# #.# #.# #.#..# ..@..# #.# #.# #o#..# .....# #r# #.# #.#..# .....########## #.#####.# #.#.(# #######........ #...)...# #.#..# #.######. ######### #.#..#########.# #. #.#.÷@.[.......# #. #.##.########### #. #..O># #. ###### #. ## Turn 3022 on D:4: First ogre ...............###.### .########............# #..........### #.........## ##........# #.......## #.......# ##......## .. ##..@.....###### ... ###...†.....##...# ....###..............### #................### #........#######.## ##.......# ##.## #.......# #..## #.......# #...# #.......## ###..#.# Turn 3429 on D:5: DENARY OCZI - noise ..............# ...........# ...........# ...........# ...........# ...........# ...........# #..........# ##.......@.# ##......?.# ###......# ######## Turn 3545 on D:5: Book of Flames ..# #... ..# #..## #.# #..## ##.# #...# #..## ##... #. ##...## ##.... #.### ###.....## #..†.. #....###........###..... #......@..............## #.......#...........### #.###..###........#.# # #........#..###.# ......###....## ### ##.#### ###.## #. ### ## Turn 3652 on D:5: Kinda risky, but magic disruption really screws him over. #........# ........## ........# .. ....... .... ..... .... ... ..# #Y## ..# #..# #.# #.@# ##.# ##.## #..## #..# ##...## ##.#### ###.....## #....###........# #................ #.......#........ #.###..###....... #.###........#..# Turn 3672 on D:5: ice beast #####....# .........## .....##...### #....#......### #.............### ........##......### .)................# ...........)......# ..........######@.# ...#.....>........+ ..................# ## ..................# ##.# ...............#########..# .........................# ........................# .................## ..................# Turn 3953 on D:5: +1 dagger of freezing on an orc ....## ##...### #......### .........### ...##......### .............####### ......)......#§≈§≈≈# .....######..#≈8.8§# ....>........'..@..+ .............#≈8§8≈# ## .............#≈§§≈≈# ##.# .............#########..# .......................# ......................# .................## ..................# ................#.# Turn 3960 on D:5: bubbling cyan - mutation ....## ##...### #......### .........### ...##......### .............####### ......)......#§§§≈≈# .....######..#≈8.8§# ....>........'..@..+ .............#≈8§8≈# ## .............#≈§§≈≈# ##.# .............#########..# .......................# ......................# .................## ..................# ................#.# Turn 3961 on D:5: puce - brilliance # ###.# ##.## # #...###.## # ##...#.## ## ##....# .### ##..## ...### #..## .....### ##...### #......###.....b### .........#######@.### ..)......#§≈≈≈§##...# .######..#≈8.8§#..### >.g.....gg..∩.§'.## .........#≈8§8§### ## .........#≈≈≈§§# ##.# .........#########..# ...................# ..................# Turn 4055 on D:5: Gnoll pack with bouda ...............## #..## #####+ ....†..........# #..# P.W. ....##...###..## #..# #⌠... ..#####.......# ..## #P... ### ###....## #...# #=.W. # ##...# #..... # ##..# ###...... ## ##..###........ .## #......@....... ..# #................ ..####....##..........n. #.......###............. #.....### #.....####...# ..##...# #.....# ...# ..# #..###...#..# ..# .## ...#....#... .. .# .... Turn 4271 on D:5: necrophage #................... ..........†.........#### .##..................... ##...................... #.....####...##........ #.....# #...# ....... #...#..# ##..## ....... ....#... #...##....... ... ## ....#...#@....... . ................. . #....^....#...... ###...##..##..... #....###..# ..... .. ..... ##.. .... ..## ..... #..# ..: #...# .#.. #... ... ....#. ## #... Turn 4291 on D:5: Book of Flames 2... ##.....#..####... ####.##.## #...... ####.# ##....... ## ##.# #....?... #### #####..# #./...... _#.###.....## #........ ##..##.##### #........ ###....##########........ ##.#...........@.S...... #....###########........ ###### #..ro..o) ......<.. #...S..o. .$....... ##....... #...... Turn 4495 on D:6: First orc warrior. ## .. #.# .. .# ##.## ##..)# ### ##@...# #.# #.....# ##.# #.....##### ##..# #..)....... ##...# ########.......... #..#.###.....##.......... ..##.#...###.###........# ####.#.### #.###........# ###.#.# #.##.......... Turn 4646 on D:6: +1 helmet ######## #..))..### ##.##.....## #..#..≈≈≈..# #.##.≈≈≈≈≈.# ##.##.≈≈≈≈≈.# ##..)#.≈≈≈≈≈.# ##[...#..≈≈≈..# #.....#8..@..8# #.....######### #..).......# #######..........# .....##..........# .###.###........## ## #.###........## #.##..........# #.............# Turn 4723 on D:6: Lava pool and a couple statues by this shop. #...##.####.###.... #...................... #<.........88888888.... #......>...8888.888....# #...##.................# #...#####......8.......## #...##...#.....8......... #.....).................. #..........8888@888...... #...##.....8888.888...... ##########............... ####+###..####' ............... ...........g... ............... ............... ..#..#######... Turn 4908 on D:7: Xom's chessboard ....###.....### #######.# ##.## #.##..## #.# ...## #.##...#### #.# ##..###.##.#....####### #.# ##.....#..####.......## #.# ####.##.## ###......## #.# ####.# ##........## #.# ##.# #..........# #.# ## #####..# #.@........# #.# .###.....## #..........# #.# ..##.##### #...........##.## #....##########............#..# #.#.S......o............##....# ....###########..........###..# ##### #......n)..# #..# ......<... #### #.....o.. Turn 5105 on D:6: Another necrophage. ....###.....### #######.# ##.## #.##..## #.# ...## #.##...#### #.# ##..###.##.#....####### #.# ##.....#..####.......## #.# ####.##.## ###......## #.# ####.# ##........## #.# ##.# #..........# #.# ## #####..# #.@........# #.# .###.....## #..........# #.# ..##.##### #...........##.## #....##########....n.......#..# #.#.S......o............##....# ....###########..........###..# ##### #.......)..# #..# ......<... #### #.....o.. Turn 5108 on D:6: Mindburst wand ###.## #.##..## #.# ....## #.##...#### #.# ###..###.##.#....####### #.# ##.....#..####.......## #.# ####.##.## ###......## #.# ####.# ##........## #.# # ##.# #..........# #.# ### #####..# #..........# #.# #.###.....## #@.n.......# #.# #..##.##### #...........##.## ##....##########............#..# ##.#.S......o............##....# #....###########..........###..# ###### #.......)..# #..# ......<... #### #........ .$....... Turn 5110 on D:6: Necrophage has a mind to be basted!! ####............... #......############ #......# #......# #......###### #.......#...# ........#.#..# .......#r..#.# ......#.)@..# .......#...#..# ........#.#...# .........#....# ##...... ...... #...... ......# #...... ......# #...... ......# Turn 5327 on D:7: 261 gold for a smoking scale mail .........#....### ##.............# #.............# #.............# #.............# #.............# #.....>.......# #######.............### .......@#########.....# ........# #.....# ........# #.....# ....n...# #.....# ........# #.....# ........# #.....# ....?...# #.....# ##########+###. #.....# #.............. #.....# Turn 5371 on D:7: Third necrophage, guarding a scroll of identify. #.....>.......# #########.............# #.........#########.... #.........# #.... #.........# #.... #.........# #.... #.........# #.... #$....r...# #.... #.....@...# #.... ###########+###. #.... #.............. #.... #.............. #.... #.............. #.... #...##.####+####+#.... #...##.####.###....... #..................... #<.gg......88888888... Turn 5386 on D:7: fizzy grey - magic .......# #.....# .......# #.....# ########+###. #...).# ............. #.....# ............. #.....# ............. #.....+ ..##.####+####+#.....# ..##.####K###........# ...........K...K@....# .gg......88888888....# .....>...8888.888....# ..##..K..............# ..#####......8.......## ..##...#.....8......... ....)................... .........8888}888....... ..##.....8888.888........ Turn 5449 on D:7: +2 short sword of draining on kobold brigand #...# ....# # l...# #.# #...# #...###...# #......# #.#..#### #.......# .#..###@...# # #.# #....# .#.#..###....# .# #.......# . #. #.#.....# .###. .###....#.## . #...# #...###.#.# .# #.#.# #.#.###...# ..##...###...##).### Turn 5647 on D:7: Wyvern ######### #.......########## #.......#........# #.......'........# #.@.....#........# #.......#........# #.......#...##...# #.......#...##...# #.......#........# #.......#...##...# #########...##...# .......#...# ........'...# Turn 5713 on D:7: Book of Winter in northeastern room #.......+.. #.......#.. #.......#.. #.......#.. ##+### #.......#.. #..... #.......#.. #....######.......#.. #....##...#########.. #..@.......#........ #...##.....#........ ######.....'........ ###............ #...##...###... ....###.#.# #.#. ##.. #...# #... #.. .###. .### ## #. .# # Turn 5744 on D:7: wand of paralysis (6) #.....# #.......#.... #....######.......#...# #....##...#########...# ##..........#.......... . #...##.....#.......... ..#######.....'.......... ....... ###.............. .......##...##...###...## .....ooo@..###.#.# #.#.## ..#######..# #...# #...## #.....###. .###.. ##..#.# .# #.# .....# #. #.. ..###. .#..## ..# # # #.# ...# .#.#..## .# #.. Turn 5780 on D:7: Second orc warrior ........'....##...###. .......z#............. ...##...#........##... ##z..#...........## #.oo.#........#### #..o.#........# #oFz.#........# ##y###........# .##@#......##### #......#......# #......'......# ........#......# ........#......# ##....###......# #....#......### #....#......# . #......# Turn 5808 on D:7: QUIRIUT HED - enchant armour ,,**,,,,,**........'....##...###. ****,,>,,,,........#............. ,,**,,,,,**...##.z.#........##... ,,,,,,,,,**,,,##...#...........## ,,**,,,,,**,,,#.z{.#........#### ,,**,,,,,**,,,#.o..#........# ,,,',,,,,,,,,,#oFz.#........# ,,,*,,,,,*****##y###........# ,,**,,,,,**,,.##@#......##### ,,**,,,,<*#......#......# ,,**,,,,,*#......'......# ,,,,,,,,,........#......# ,,,,,,,,,........#......# ,,,,,,,,,##....###......# +***,,,,,*#....#......### ,,,**'****#....#......# .,,,,,,,,,*,,,,#......# Turn 5809 on D:7: MARE SOESSO - magic mapping ,,**,,,,,**........'....##...###. ****,,>,,,,........#............. ,,**,,,,,**...##...#........##... ,,,,,,,,,**,,,##.z.#...........## ,,**,,,,,**,,,#....#........#### ,,**,,,,,**,,,#zoo.#........# ,,,',,,,,,,,,,#oFz.#........# ,,,*,,,,,*****##y###........# ,,**,,,,,**,,.##@#......##### ,,**,,,,<*#......#......# ,,**,,,,,*#......'......# ,,,,,,,,,........#......# ,,,,,,,,,........#......# ,,,,,,,,,##....###......# +***,,,,,*#....#......### ,,,**'****#....#......# .,,,,,,,,,*,,,,#......# Turn 5810 on D:7: QAZAPO YMEORO - immolation ,,,,,*****##.###........# ,,,,,**,,.##F#......##### ,,,,<*#.....y#......# ,,,,,*#......'......# ,,,,,........#......# ,,,,,........#......# ,,,,,##....###......# ,,,,,*#....#......### *'****#....#....@.# ,,,,,,*,,,,#......# ,,,...+,,,,#......# ,,,...######......# ,,,.............### ,,,.............# ##'###..........# .....'..........# .....#..........# Turn 5811 on D:7: JECIYW UTUPH - blinking ,,,,,*****##.###........# ,,,,,**,,.##'#......##### ,,,,<*#.....§#......# ,,,,,*#......§......# ,,,,,........#......# ,,,,,........#..J...# ,,,,,##....###......# ,,,,,*#....#......### *'****#....#....@.# ,,,,,,*,,,,#......# ,,,...+,,,,#......# ,,,...######......# ,,,.............### ,,,.............# ##'###..........# .....'..........# .....#..........# Turn 5817 on D:7: Mindblast coming in handing with that immolation...

.......#,,,,,,*,,,,,+,,,,,,,,,#..
.......#,,,,,,*,>,,,*,,,......#..
.......#,,,,,,*,,,,,*,,,,..<..#..
.......#,,,,,,*,,,,.#,,,,,....#o.
.......###,,,**,,,,.##'##*#...#..
####.....#,,,**,,,..##...##...#..
...#.....#,,,,,,,,...#..z.....#.J
...#.....#,,,*####'###........#..
...#)....#,,,*#.@...##........'..
)..#.....######..>............#..
...#.....#...##.....##...##...#..
...#.....#..........#*,,,##...#..
...#...).#...##.....#*,,,#....#..
...#.....#...##.....#*,,,#....#..
...#.....#....'........,,#....#..
...#.....)....#.....#######.###..
##'#.....#)..##.....##...##)#....


Turn 5993 on D:7: fuming sapphire - might .##........####..................
.#.........##...##...###...##.... .#.........)...###.#.#,#.#.###...
.#....#######..###...#,#...###... .##...#*,,.##.....###...###......
.##...##...###..#.#,*.#,*,#.#..## .##........#......##.#.*,*#....).
.'.........#...###..#,*.#..###.)) .#.........#...#@..#.#,#.#,,,#...
.#......<..#...###..#.#.#..###... .#.........#......##.#.#,*#......
.##'####...#....#.#,#.#.#,#.#.... .##...##...#......###...###....#.
..#........#.J.###...#.#...###.#. ###........#...###.#.#,#.#.###...
.##........'....##...###...##).## ...........#..................## Turn 6058 on
D:7: +6 dex ring ####..###...#.#...###...# ,.##.....###...###......#
..###..#.#!#.#.#)#.#..#### ..#......##.#.#.##....)..# ..#...###..#.#.#..###.)).#
..#...#...#.#.#.#...#....# ..#...###..#.#.#..###....# ..#......##.#.#.##.......#
..#....#.#$#.#.#@#.#.....# ..#......###...###....#.## ..#.J.###...#.#...###.#.#
..#...###.#.#$#.#.###...# ..'....##...###...##).### ..#..................##
..#........##...###### ..#...........### ..#........#### Turn 6088 on D:7: Book
of Displacement # #.#############.## #.# #.# #####.# #.# #.....# #.# #.....#
#####.## #.....# #......# ##.....# #.###### .......# #.# ######## #s# .......#
#)# .#####.# #.# .#####.# #.# .'.....# #.# .####### #.# .# #.# .# #.#
.########### #.# Turn 6666 on D:4: +6 ring of strength ##.###........## #.##...
##..##...#####..###.##.#. #.......## ##.....#..## ######### ####.##.##
###8###8### ####.# ###8...8...8### ##.# ####.........#### #####..#
#.#>........._#.###.....## #.##.......@.##..##.#####
##.##8...8...8###....######## ##..####8###8#####.#.S........ #..###########
#....######### #.####.......# ############## #............#########........
#####.......#..≈≈≈≈≈..######## #...(...#.≈.....≈.# #### #.......#.≈.≈≈≈.≈.# #...
Turn 7201 on D:6: Book of Cantrips ......#......#.>...#.........#...
......#......#.....#......<..#... ......#......#.....#.........#...
......###...##.....##'####...#... ###.....#...##.....##...##...#...
..#.....#...........#........#... ..#.....#...#####'###........#...
..#)....#...##.....##........'... ..#.....######..@............#...
..#.....#...##.....##...##...#... ..#.....#..........##...##...#...
..#...[.#...##.....##...#....#... ..#.....#...##.....##...#....#...
..#.....#....'..........#....#... ..#.....[....#.....#######.###...
#'#.....#[..##.....##...##)#..... ...(....#...##....<##.....)#..... Turn 7256 on
D:7: Nasty! .... ..###...######.#### ####...###...........##
#[.......######...##... #:....... ...........5. #$.....# #####.####### #......#
..u ##.=....# ♣.♣5 ##......@# ♣ ♣. #...<....# ♣ #........# ......####### .###..
#. #. # Turn 7270 on D:8: Book of Displacement again... (...$# .##...... ....
..###c..######.# ####...###......... #[.......######...# #:.................
#$.....# #####.### #......# ..u ##.@....# ♣.♣5 ##......:# ♣ ♣. #...<....# ♣
#........# ......####### .###.. #.. #.. # Turn 7275 on D:8: rF+ ring # # ##.
...## .... (...$ .##c..... ... ..###...######. ####...###........
#[.......######... #@................ #$.....## #####.## #......# ..u ##......#
♣.♣5 ##......:# ♣ ♣. #...<....# ♣ #........# ......####### .###.. Turn 7279 on
D:8: Book of Storms #..###D..######.# ####...###......... #[.......######...#
#.................. #......########.### #......# ..u ##......# ♣.♣5 ##......:# ♣
♣. #...@....# ♣ #####........# #......####### #.###..# #..# #..# #.## #..# ..
#..# ..# #..# ... #..# Turn 7307 on D:8: Not a nice floor so far. # ##.## #
♣♣♣♣...♣♣♣♣ #♣.♣.♣.~~~.♣.♣.♣# #......~~~......# #♣.♣.♣.~~~.♣.♣.♣# # ♣♣♣♣...♣♣♣♣
########o######### .................####.# ................@..$..#
####################### Turn 7430 on D:8: Book of Iron #############....# ##
#####....## #. #.........# #w ..######.####..#.# #.. #........# ##.#.# #.#
######.## #.... .. ##.## #..... ..# ##...## #........ #..@..# ##..... #.....#
....# #.....# #.....# #.....# #≈≈.≈≈# #g≈.≈g# #≈≈.≈≈# Turn 7515 on D:8: Book of
Spectacle .# #####........# .## #......####### ..# #.###..# ♣.♣♣ #.#####..#
#..#♣...♣# #.#...#.## #..#.....# ........# #..#.§...# .....).#####..#V§V..#
..........##..#[♣♣ ##............#♣@♣ ♣ ......#.#.......♣♣ ♣♣. ♣
PPP...#.......#♣.♣ ♣.. ♣. P.P...........# ♣♣ ♣..♣ ♣.. _PP.#..#.###..# ♣..♣♣♣♣..♣
PPP......# #..# ♣..♣♣..♣ PP.......###..# ♣....♣♣ ..........##..# ♣♣..♣♣
#..........#..# ♣♣u♣ Turn 7726 on D:8: yay steam dragon scales ##.## #.#
♣♣♣♣...♣♣♣♣ ##.# ♣.♣.~~~.♣.♣.♣# #..# ....~~~......# #.## ♣.♣.~~~.♣.♣.♣# ##.#
♣♣♣♣...♣♣♣♣ #..# #####.######### #.## uc.B).........####.# ..c.............@..#
#################### Turn 7953 on D:8: Big forest vault on this floor. Contains
enemies nasty for this early on. #............? #.........Y.. #.......Y....
#........# #........# #........# #........# #..!.....# #......s.# #........#
#.....>.?# #...>....# #........# #........# #......))# .. #.......<#####....
#.....)))......... Turn 8170 on D:9: YAKS! #..!.....# #........... #........#
#........... #........# #.)....<..[. #.....>.?# #........... #...>....#
#........... #........# #........... #........# #........... #......))#
#........... #.......@#####........... #.....)))................
#........................ ######################### Turn 8300 on D:9: BOYHEV
CONURUC - vulnerability #..!.....# #........... #........# #...........
#........# #.)....<..[. #.....>.?# #........... #...>....# #...........
#........# #........... #........# #........... #......))# #...........
#.......@#####........... #.....)))................ #........................
######################### Turn 8301 on D:9: ZUISARPH JESI - brand weapon
#..!.....# #........... #........# #........... #........# #.)....<..[.
#.....>.?# #........... #...>....# #........... #........# #...........
#........# #........... #......))# #........... #.......@#####...........
#.....)))................ #........................ #########################
Turn 8302 on D:9: MUSSIL QEUDA - torment #..!.....# #........... #........#
#........... #........# #.)....<..[. #.....>.?# #........... #...>....#
#........... #........# #........... #........# #........... #.....§§§#
#........... #.....§§@#####........... #.....§§§§§..............
#.....§§§§§.............. ######################### Turn 8303 on D:9: ODGHIO
UPSUKE - smoke ...#.....######.......# ####....)# #.......# # #.....# #...>...#
#.....# #....#### # ####### #....# #### #....# )..### ###### )8.'.# #####<.#
)))#.# #...@.# #'##.## #....## ?.....# #...## ......# #....## ..(<..# +.....##
......# #......# ......+ #......# ......# #......# ......# #####'## ##+## Turn
8627 on D:10: wand of roots (6) #....OO.O.. #.....O..O. ##.......... ...........
#.......... #.......... #.......... #..@....... #......y... ....u....#...
#...##...#.. . ..#.. #..#. .?. ...# ..#... .. ... .#.. .. # .# # .##... Turn
9224 on D:11: NOPE # ##.......###................... ##.....###
#.....####...##..... #..##...# ##.....# #...###.... ##..# #..###...#..##
##..###.... #..## #...#....#...####...##.... ##..# #......###.....#...#.....
...## #........................ ##..## #.....#.....#....^....#...
##..##..#.###..@..###...##..##.. #.....##. #.....#....###..# ..
#......##............. ##.. #. ##..#....##...###...... #..# . ##..##.....##...#
..#... #... . #..## #.........#..###.. #... ..### #.......... # .
....###........# ...............## Turn 9660 on D:5: Temple entrance: 3 T's
###_......._### #.............## ...............## ....#######.....##
...##.....##...._# ..##.......##....# ..#..§§§.§..#....## ..#...§§§...#.....#
..#§§§§§§§..#...@<# ..#§§§§§§§..#.....# ..#.§§§§§...#....## ..##§§§.§..##....#
...##.....##...._# ....#######.....## ...............## #.............##
###_......._### Turn 9702 on Temple: Temple: Stormwatch in a circular chamber.
#........# #..###...# #..# #(..# #..# #...# #..# #...# #..# #...# #..# #...#
#..# #...# #..# #@..# #..# #...# #..# #...# #..# #...# #..# #...# #..# #...# ..#
#..# #...####..# #..# #.........# #..# #.........# Turn 10040 on D:9: ZERO
DAMAGE! #### ######### ...# .....[..# ..### ........# #.##.. ........## #..#...
.......>.###..##### ..............#...# ###.#######...#._.....#
.........@...#...#...### # . .########..#####........ .....#u...#...(..
...##........ . ##..###...##### ####...###...... #[.......######. ##
#............... .# #......########. Turn 10204 on D:8: She has +0 steam dragon
scales. #### #.⌠ #.........# .... #.####..###...# .... #.#.#..# #...# ....
#.⌠.#.# #...# $... #.#.#..# #...# .... #.#..## #...# .... ⌠.###.# #...# .... #.#
#..## #...# .... .# #.#.@# .... #.♣.#.# .... #.#.#..# .... #.####... .... #.♣
.#### ## .# . . Turn 10277 on D:9: 6 curare darts ....................# .#
#.#..# ...................#. #.♣.#.# ....................# #.#.#..##
....................####.####.... [....<..[.$..........##.♣.##.####
......................##.##.## ........................#...#
..........?.......>.###.....# .............?..@...# ####.##
....................# #.# ....................# #.# ....................# #.#
...................... ... ####################### ### Turn 10304 on D:9: First
cloak (+0) #....†..########.... #..###..# ... #.# ##†# . #. ##.# . #..## # ##..#
# ##...#.#### ..#.#.P........ .......@.###### #......?.# #........# #........#
#........# #........# #.#####... .. #... Turn 10504 on Lair:1: Book of Burglary
..#...## #...# .......###...# ..#...###....# ### .......###...###P###.#
..#...####........... ##....#.##.......#.# .................# .................#
................@# ..................# ....................
#######.#P##.#######P# ######## # Turn 10810 on Lair:1: Might be good for this
character. ## #... #..# #..# # #..# ### ### .# #..####.###P##.+
####..............# ##.##...........@..#.. ........................
.#####.............##.## ## ##......#####.... #.....#.......... ###
#.....'....#...... #.#####.....###+## ..... ............... .....
##P#####..###### Turn 10850 on Lair:1: staff of fire in southeast P#.+#..#
.......# #........# .......# . .#........# .......# .. .........# .......# ....
#........## .......# .....#.........### ...#...# .....#............
.......##PP+##............. ....P...........@.........
....P...♣♣............#.## .......~.~.~.............# ..
....♣~~~.~...............# ..# ...♣~~~.~.~..............### #.#
....~†~~~.....~..........#P##..## ...~~.~~~...~...(.....^.........#
..♣..~~~.~...~~................# ...~~...~.~~~..[...............## Turn 10961 on
Lair:1: Alarm trap towards the east middle ##### ### #########P#.###P######
................@....# .....................# ..PPP..........#.#...#
...PP#####P#..#...#...# ...### ####...(.#...# ...# #.#...#..## ...# #.....# .#
...# ..#...+ .# ...# ##....... Turn 11002 on Lair:1: wand of acid (4) in
northeast . .......P .....!# ..#.!# .. ....## .##...# ....###...<.....
#...#.#P........### #...............##. #.@.............### ##.................
##..............†. #................ #...............# #P..............#
##.#.##...##...## ##..####...###P.## #..## ##.P# ##... Turn 11241 on Lair:2:
metallic silvery potion - ambrosia ### #### ##.## ##..########.#.#
#....##.#P8#.#.# #........#P'.#.## ##.......##8##^)@# .........########†#
.........# .^. .........# .#.# .........# #s## .........# # ..........#
.........## ### ..........####.## Turn 11421 on Lair:2: Int-3 :( #..##≈...≈≈≈≈#
...##≈≈...≈.§# ... ...###≈≈...≈§# #..# ... ##≈..§.§# ##..# .. ##≈≈...≈≈#### ...#
.# ##≈≈...≈≈§##.##...# <###≈≈≈....§§##..##..# .##≈≈≈....≈≈###.##...#
..#≈≈...≈≈§###..@....## .##≈≈...≈≈##.#....P...# .##≈....≈####.....#...#
.##≈....≈≈##......##.## ..#≈≈≈.≈.≈≈##......#..# .##≈≈...≈≈≈#.......P..#
.###≈≈....≈#..........# ## ##≈....≈##.........# ####..####..####..## Turn 11667
on Lair:2: Neat vault: wavy hall with electric eels and lava snakes.
.≈≈§##.##...###...##.#.# ..§§##..##..# #...##..## .≈≈###.##...# #........#
≈§###.......####..#..### ≈##.#....P...# ###....# ####.....#...# #[.###
≈##......##.#######..# ≈≈##......#..##.#...## ≈≈#.......P..###@..##
.≈#..........##...## .≈##.........##..## ####..####..###..# ....### #### #..#
....P# #.## ..#### ## .P# ### Turn 11705 on Lair:2: metallic ruby - degeneration
## ## P~~ ####+..## ♣~.. #.@.....# PP... #.......# ~~....##......+..
~P...)........# ♣~....#.......# ♣P♣## ####+P.#.# .#### ## Turn 12612 on Lair:3:
MUORROI FAMABB - amnesia ## ## P~~ ####+..## ♣~.. #.@.....# PP... #.......#
~~....##......+.. ~P...)........# ♣~....#.......# ♣P♣## ####+P.#.# .#### ## Turn
12615 on Lair:3: LAUFFO UGRI - fear ## ## P~~ ####+..## ♣~.. #.@.....# PP...
#.......# ~~....##......+.. ~P...)........# ♣~....#.......# ♣P♣## ####+P.#.#
.#### ## Turn 12616 on Lair:3: LEMICIO NOANK - enchant weapon ##.##.##
##.+..#.## ## ........## .## ###........### ..## #####...........P#
...###..#†##..........+ #..........'.........# ..#..##P##.#.......##
#P#########.....@...# ### ##.......## ###..#### #### Turn 12759 on Lair:3: black
potion - cancellation +# ##.# #..# # ######..#### # #P.........# ##
####.<......# P# ##.##........## ## #...'.......)@# .###.##..†......##
.....#####..#P#.# ###..# ######## .###.# ## ### Turn 12812 on Lair:3: purple
potion - attractin ###### ## ##..#.####### ##..###P.#.....##.##
...................# .......@...........## ...................P#
....................# .....#.P..P#..##....# ....................#
.#.P...............## ##................# .................# ..##...###.# Turn
13789 on Lair:4: Book of Hexes ###### ### #### ##..#.#######
#.####..###P.#..r..##.## ...............†@......# .......................##
.......................P# ........................# .>.......#.P..P#..##....#
........................# ..P..#.P...............## P..#.##................#
.......................# Turn 13829 on Lair:4: Very little damage taken.
##......... #... ##......... ... #P......... ... #P......... ... #.......... ...
#.......... ... ##......... ##......... #..@......# ##......... #.......##
.......... ....#.#.... ##.......... ##......... #......... Turn 14025 on Lair:4:
Book of Rime ...........................†..... .#P...#..#.......#.......P..#.P..
.##.....#..<......#.#.#...#.##... ............P....................
...........#.P##.#P.P.P.......... .................................
.....###.....#.#.......#..#...#.. ................................
.P#.#.......#...@............... ........................
#.#.......#...P......... ......................>. ##.#.................... .
......†.............P... .. .#.#.P.........#P.##.... .. ................... ....
.. ...........#..... ... Turn 14197 on Lair:4: +2 helmet .#.. ##. #... ###...
#...# .#.... #....##......# #............. #.........[...# #.............#
#..#@.........# ###............[. #...#P..........# #P..#...........#
#P......P......# ##...P.##P.....# #!...#.#†P...## ##<.........## #............#
Turn 14286 on Lair:5: +1 hat .#....##....... #......P....... .#.#.......P..
#.#.........P #.......#.# ##.........# ### #P........P##..### #..@..........
####.......... #........... ###.†....... #.......... ##.......... #...........
###.......... ### #.#.......... Turn 14395 on Lair:5: phantom mirror
##..##........... #............... ##............... #.#..............
##...#........... ##..#............ ###..#.#........... #.#FD.#............
##.@#####........... #...# #........... #..P# ####.#P..... ##### #######.. #.#
### Turn 14478 on Lair:5: seven (7) headed hydra . . #### ..## ... ###..## ...
##P.@.P♣ .... ##.....~♣♣ ..# #......~~♣♣ #.##.......~~..≈ ## ##........P.♣~♣l .#
#........).♣♣ ♣ .# ##.........#♣ .# #..........# .### ###.........## Turn 14511
on Lair:5: dark potion - lignification ....... .".. .......## .... .......#
..... ....... ..... #....## ...... #....##...... ##..P........ #.#..@.......
##...###...... ##...#.# ..... #...#### .... ##..# ... . ###..## .. .# ##..### .
.. #[...### # ##...#..##### Turn 14588 on Lair:5: Another amulet of regen
..P.♣~♣.~~.♣♣...♣♣♣ .).♣♣♣♣♣♣≈.~♣..♣..♣♣ ..#♣♣♣♣..♣♣~~.P....♣♣
..#♣.....♣♣♣≈~~.~...♣ .##♣♣..♣♣♣P♣≈...≈~..♣ .# ♣.♣....≈..♣♣♣~.P.♣ .#
♣♣♣...≈~.♣♣♣ ♣.~... .# ♣♣...~≈.P♣♣♣.♣♣♣~~~♣♣ .#♣♣~~~♣.~♣♣♣$$.@.♣♣~≈..♣
.#♣P†.~♣♣♣♣♣♣[[))r♣♣♣≈≈.♣ .#♣~≈≈♣♣♣♣♣.♣$......♣≈.♣♣ .#♣~≈≈♣.♣.~~P.~...~~~.$.♣
.#♣..≈...~≈~.~≈≈~~~≈.P.♣♣ .#♣..~.~.≈≈~≈≈≈≈~≈≈...♣♣ .#♣...~~≈≈≈≈≈≈~~..~..♣♣
.#♣♣....≈≈≈≈≈~..♣~.♣♣♣ .# ♣♣♣~.~.~...♣♣♣..♣ Turn 15727 on Lair:5: staff of
conjuration in reptile/dragon vault ########### ###### #.##...##.# .#...#
##........### # ....###### ##...#.#.....##. ......##.# ###...#####.....#.
.........# #8..### #.##..... .....###.# ##†..## ######... ...#..#..# #@#...###
#.#.. ...###..## #$$####...# ####. ..P.#....# #$.$ #..## # .........# #$$$$
##..## ...P.....# #$$$$ ###...# .##......####$$# ##.##..# ###P......#####
##....P## #.#.........#####.#...## ##...........##..#.....# Turn 15856 on
Lair:5: Killed an ice dragon #.##...##.# #####kw..###
##........#####...yywy...## ##...#.#.....##....y###...$# #...#####.....#..####
###w.# ..### #.##.....## #[...# †..## ######....######y....# #...###
#.#......#.##y..## ###...# ####.......###### # #..## ##@.......#.# # ##..##
##..†####...## ####...# ###...#.# ##...## ##.##..# ##.P..#†## #.##.P# #....P##
#......## ###...# .#...## ##:.....# ##.....# #.....# #.......# #.....## ..P...#
#......## #.....# ....### ###....# ##....# Turn 16075 on Lair:5: That was so
risky... #######...#._.....# ......[...#...#...##### ########..#####........###
...........#....#...(...$## ...........##........ ....
##########..###...######.#### ####...###...........#####
#[.......######...##.....# #........@.............u(. #......########.##########
#......# ♣.......♣ #. ##......# ♣.♣.♣.♣.♣ ##. ##......:# ♣ ♣.♣.♣ ♣ #.u
#...<....# ♣.♣.♣ #.# #####........# ♣...♣ #<# #......####### ##.## ###
##.###..#♣♣.♣♣ ♣♣..♣♣ #♣♣ Turn 16403 on D:8: +2 int hat from Gastronok
#...<....#♣♣.♣.♣.♣.♣.♣.♣♣#.#...u. #........# ♣...♣...♣...♣ #<###### ...#######
######.###### ##### #. #..#♣♣.♣♣ ♣♣..♣♣ #♣♣.♣♣#. #..#♣...♣# ♣♣....♣♣ #.♣♣.♣#.
#..#.....# ♣♣..♣♣..♣♣ #..♣♣.#u #..#.....# ♣♣..♣♣♣♣..♣♣ #♣..♣.#.
#..#.[...#♣♣..♣♣.##♣..♣♣ ♣♣...#† #..#)♣♣♣.#♣..♣♣.@.##♣..♣♣ ♣♣.[#.
...#♣[♣.♣#..♣♣.#8..#♣♣..♣#♣♣♣♣.#. .....♣♣♣...♣♣.♣...##♣♣.....).....
..)#♣.♣.♣#♣♣..♣♣.##♣♣..♣♣#♣♣♣♣)#) ...#.♣♣♣.# ♣..♣♣♣♣♣♣..♣♣ #.♣♣♣.#. #..#.....#
♣♣..♣♣♣♣..♣♣ #..♣♣.#. #..#...).# ♣♣..♣♣..♣♣ #♣..♣.#. #..#.....# ♣♣....♣♣ ♣♣...#.
#..#♣...♣# ♣♣..♣♣ ♣♣..#. Turn 16650 on D:8: Phantom mirror in the center of the
vault. #..# #.........# #.. #..# #.........# #.. #..# #.........# #.. #..#
#.>.......# #.. #..# #.........# #.. #..###.........# #.. #..............# #..
#..............#######.. #.....o@.........<...... #.......................
#....................... #....................... #....................)..
#......o................ #....................... #.....o.................
#....................... Turn 16732 on D:9: Two-headed ogre slain.
##.#....##.....##...###......# ##.#.....##.....#..##.......##
#........#.....#........#.### #......................<###
##..................#)...# #..................##[)## ##...............[.###)##
##.#........[.....[.[..# ##..........@[....[).## ##...#....).[........#
#..............#.#.## ##............###### ###.............# ##...............#
##....#..#..#....## #...##......##..## ##..###..#.###### Turn 17185 on Orc:1:
Orc:2 has quite the welcome party. #...#....#.....##..####.#.#.##
##.#....##.....##...###......# ##.#.....##.....#..##.......##
#........#.....#........#.### #......................<###
##..................#)...# #..................##[)## ##...............[.###)##
##.#........[.@...[.[..# ##.........)>)....[).## ##...#....))[........#
#..............#.#.## ##............###### ###.............# ##...............#
##....#..#..#....## #...##......##..## Turn 17350 on Orc:1: +2 willpower plate
armor ........)..).......... #..........)........... ............)..........
...........<........... ....................... .#.$.........≈≈.≈≈.....
............≈≈≈.≈≈≈.... .....#.#.<..≈≈≈.≈≈≈.... .............@.......
.........≈≈≈.≈≈≈.... ...$.....≈≈≈.≈≈≈.... .#........≈≈.≈≈.....
#.................. #.................. ................... .................$
Turn 17414 on Orc:2: Manuals: Axes, Conjurations .......##.oo...........
.......#..o.o.#####.... .......#...o..o#.#. .... .......#....o#..... ...
.......#....## ...###... .......#..#..#.....#..# .......# ##...#∩#...## .#
.......# #......∩....#..# .......# #...#@#...##..# .......#..#. #.....# .#..#
.......#....###...###....# .......#.....#.....#.....# .......#.......#.#.......#
.......#......#####.)....# .......##...........)...## ........##.............##
......[))######...###### Turn 18425 on Orc:2: brown potion - invisibility
..)...[##..ooo........ ......##.o............ ......#..o.o.#####.... .
......#...o...#.#. ..... ......#....o#o.... .... ......#....###...###....
......#..#..#.....#..# ......# ##...#∩#...## .# ......# #......@....#..# ......#
##...#∩#...##..# ......#..#..#.....#..#..# ......#....###...###....#
......#.....#.....#.....# ......#.......#.#.......# ......#......#####.)....#
......##...........)...## .......##.............## Turn 18426 on Orc:2: Nothing
remarkable in Elukudweybi's shoppe. ...### #### ..##.#### ##..#### ..#...#.##
#......## .....#...####......# ........#.##.......# ..)...............##
.##...#.#..........# ......##........#o## .#..............@..##
.#.............oOo..# ..#.##.............## ..................#.##
..........##.........# ....................## ....................#
....................# ...............#...## Turn 18792 on Orc:2: Southeast Orc:2
upstairs leads to the warlord. ....### #### )..##.#### ##..#### ...#...#.##
#......## ).....#...####......# ........)#[##.......# ...)...............##
..##...#.#..........# .......##........#)## ..#.............@<).##
..#..................# ...#.##.............## ...................#.##
...........##.........# .....................## .....................#
.....................# ................#...## Turn 18872 on Orc:2: Troll leather
armor .............#.......#.#.......#. .............#....o#.....#.....#.
.)...........#....###[[.###....#. .)...........#..#..#.....#..#..#.
.[...........#..##...#∩#...##..#. ≈≈.≈≈........#..#......∩....#..#.
≈≈.≈≈≈.......#..##...#∩#...##..#. ≈≈.≈≈≈.......#..#..#.....#..#..#.
..∩..........#..@.###...###....#. ≈≈.≈≈≈.......#.....#.....#.....#.
≈≈.≈≈≈.......#.......#.#.......#. ≈≈.≈≈........#......#####.[....#.
.............##...........[...##. ..............##.............##..
............[))######..o######... ..........[.[[.)...........).....
.......#......))...........(..... Turn 18976 on Orc:2: Damn, I'm stupid.
#................# .).#.###..........# #.###.# #..........# ... #.###..........#
## >..............#### #.##............... ..............#...
#..............)... #.......<..@....... #.........###..#... #.##.#.#... ..# ..
...###### ## .. Turn 19612 on D:11: staff of fire ##.!...... ......... ....... #
.....####. ### #....#.... ..# #......# ... #†...## ..# ####. #@...# ...
......#.## ##..§## ..#!..# #....# #§..§§## ......# #....##§§.§§§.#
...)..###.#..#§§§§§§§§§ .##....##.#....§§§§§..§§§# .#............§§§._§§§§§§§#
.#.............§§.§§.§§§..# .............#§§§§.§§§§#..# Turn 19658 on D:11:
Manticore #....##....# #..........# .# #..........# ..# ###........####..#
###........####..... # ###........####..^.... .##..........##......#
...................# .........##.....@.## ........####.####.$....[
...#....#...... .###### .###......##### ## . #†...### . ##.§..# .## ##§§§## ..#
#§§§§§## ..##§§§§§§.# Turn 19717 on D:11: fuming amethyst - resistance
###+#..<.#.....# #........#..... ## #.....#'##..### ..## #.....#......(###....
#.....###.....?...... #.....##............. ###.#.##.............
#.#......!.§.(..... #.#.##.....@9...... #.......§§....(.. #.#.#...........# #
#.............# #.......(.....# ###...........# #...........# ############# Turn
20271 on D:12: Ice statue. ...# .^..##### ######### ........# ###.....D..
#.......#####..@# #.......##....### #.......#..#### #.......#.######
#..............# #######.#......# ######..(#......# .......########## .......#
Turn 20331 on D:12: Scroll of acquirement in hallway near 7-headed hydra. .#
.################################ ...........)....>................
.################################ .## #.# ..# #.# #.# #.# #.## #.## #..## #@##
##..## ##s## .##..#### ##s#### .###....## ##ss.## .# ####..# #s...##### ## ##.##
#........# ## # ######..## ##.......#####. # #........### #.......##.... #
#..........# #.......#..### Turn 20604 on D:12: Redback pressure plat
..#.......#.....#..#.....# ... ####......#.....#..#.)...# .. .
#.......#....†'..'.†...# . .##.......#....('..'.....# ..
#####.....#######..########.#.. ##.........................
#......................... ###...#######..##########.. #.....#...x.@..+ ...#
###...#.....'..+ C...# #.#.#.....#..#..c..# ###.#...C.#..#.....#
###∩p..C#..#.....# #######..####### #... ...# Turn 21019 on D:13: Unseen horror
.. ........ .. #)..... .. ##...... . .#....... ........###### .....
..........#..## ..... .>............####### ..... .......)............# .....
.........@...######.# ..... ..>.......≈≈.....##.## ..... ...§...≈≈§§≈§≈≈......##
..... ...§§≈§§§§§§§≈≈≈§.....# ..... ....§§§§§≈§≈≈≈§§≈≈....##
.........§§§§§≈§§§≈§≈§§§≈≈....# .........≈≈≈≈§§≈≈≈≈≈§§§≈≈≈≈...#
........§§§§≈§§§....≈≈≈≈≈§≈...# ........≈≈≈ ..§≈≈≈≈≈..# Turn 21190 on D:13:
Condenser vane .................≈§≈≈§§≈≈......##
...............≈≈≈§≈≈≈§§≈≈§.....# ..............≈≈≈§§§≈§≈§§§≈≈....#
.............≈§≈≈≈≈§≈≈§≈§§§≈≈.... ###.........≈≈§§§§≈≈§§§§§§≈≈≈≈...
..#.........≈§§≈≈§≈.§§.§≈≈≈≈§≈... ..#........≈§§§§≈...# ..§≈≈≈≈≈..
..#........≈§§≈§≈..## ..≈≈§≈§≈.# ..#........≈≈≈§§@.#. #..≈§≈§§§§
..##....#.≈≈≈≈≈≈k## ##.≈≈§≈≈§§ ####.#..#.§≈≈≈≈≈k# ##.≈≈§§≈≈. ...........§≈≈≈≈k.#
.#§§§≈≈§≈.. ...........≈§≈≈≈≈..# ##..§§≈≈§≈.# ######.....≈≈≈≈≈≈...##.§.§≈≈§§≈.#
..#.#..#....≈≈≈≈≈≈≈.k..§≈§§≈§§..# ..#....#.#..≈≈§≈≈≈§§≈≈≈§≈≈≈≈§≈..#
..#...##..#..≈≈≈≈≈§§≈≈≈≈§≈≈≈≈..## Turn 21218 on D:13: Lindwurm island vault.
............≈≈§§§§§≈≈≈≈§.....# ...........≈≈§§§§§§≈≈§§≈≈....##
..........≈§§≈§≈≈≈≈§§§§§≈≈....# .........≈≈§≈≈§§§§≈§≈§§§≈≈≈...#
.........≈≈≈§≈≈§....§§≈§≈§≈...# ........≈≈§≈≈≈§..# §.≈≈≈≈≈≈..#
........§≈§§§§.§####..≈≈§≈§≈.## .......§≈≈§§§.†#.[!.#..≈§≈§§§§#
#....#.§≈≈§§≈.##@>=$##.≈≈§≈≈§§# #.#..#.§≈≈§§≈.##.}=)##.≈≈§§≈≈.#
........≈≈≈≈§§.#.!:.#§§≈≈≈§≈..# ........≈≈≈≈≈≈..####..≈≈≈≈§≈.##
###.....≈≈≈§≈≈...##...≈§≈§§≈.# .#..#....≈≈≈≈≈≈≈....§§≈§≈§§..#
....#.#..§≈≈≈§≈≈≈≈§§≈≈≈≈≈§≈..# ...##..#..≈≈≈≈≈≈≈≈≈≈≈≈≈≈≈≈..##
..####.#...§§≈≈≈≈≈≈≈≈§≈≈≈...# Turn 21255 on D:13: Book of the Senses.
........≈≈≈≈§≈≈≈≈§§§≈≈≈≈....# .......≈≈≈§§≈§§§≈§§§§≈≈≈≈...#
.......≈≈≈≈§§§....§§≈§≈≈≈...# ......≈≈≈≈≈§.§.# .§§≈≈≈≈≈..#
......§≈§≈§≈..####..≈≈§§§≈.## .....§≈≈§§§.†#....#..≈§≈§§§§#
...#.§≈≈§§≈.##.>..##.≈≈§≈≈§§# #..#.§≈≈§§≈.##.}.)##.≈≈§§≈≈.#
......≈≈≈≈§§.#.!@.#§§≈≈≈§≈..# ......≈≈≈≈≈≈..####..§≈§≈§≈.##
#.....≈≈≈≈≈≈...##...§≈≈§§≈.# ..#....≈≈§≈≈≈≈....§§§≈≈≈§..#
..#.#..§≈≈≈≈≈≈≈≈§§≈≈§§≈≈≈..# .##..#..≈≈§§≈≈≈≈≈≈≈≈≈≈§≈..##
####.#...§§≈≈≈≈≈≈≈≈§≈≈≈...# .# #.....§≈§§§≈≈§§≈§≈≈...## .#
###......≈§§§§§≈≈....## Turn 21272 on D:13: Book of Misfortune
..........≈§≈§§§§§≈§§≈≈§....## .........≈§≈≈≈≈≈≈≈§§§≈≈≈≈....#
........≈≈§§§≈≈§§≈§§§§≈≈≈≈...# ........≈≈≈≈≈§≈....§≈≈≈§≈≈...# .......≈≈≈≈§§§§.#
..≈≈≈≈≈≈..# .......§≈§≈§≈§.####..≈≈§§§≈.## ......§≈≈§§§.†#....#..≈§≈§§§§#
....#.§≈≈§§≈.##.>..##.≈≈§≈≈§§# .#..#.§≈≈§§≈.##.@.)##.≈≈§§≈≈.#
.......≈≈≈≈§§.#....#§§≈≈≈§≈..# .......≈≈≈≈≈≈..####..≈≈≈≈§≈.##
##.....≈≈≈§≈≈.§.##..§§≈≈§§≈.# #..#....≈≈≈≈≈≈§....§§≈§≈≈§..#
...#.#..§≈≈§≈≈≈≈≈§§≈≈§§≈≈≈..# ..##..#..≈≈§≈≈≈≈≈≈≈≈≈§§§≈..##
.####.#...§§§≈≈≈≈≈≈≈§≈≈≈...# ..# #.....§≈§§§≈≈§§≈§≈≈...## Turn 21278 on D:13:
Book of Maledictions #.......## #.........#####.J...# ##.....## #...#(....#
#..##.## ##...## #.........# #J###.## ##+## ####...#### #...#... #...# #.≈.#.≈.
#...# #...#... #.### ####'### #.# #...#... ###+## #@# #.≈. .≈. ##...# .. #.#
#... ... ...8.## .8. ..# #### ### .#....# .... #### .##..[###...# ###....#....#
# ##.......# ####.<.8...# ..##.......# Turn 21794 on D:15: phial of floods
#####+##+##### #............# #.......♣....# ######.....##### ##...'##.##'...#
#<@.).##.##..♣.># ##...##...##...## ######.♣.###### #...# ##>## ### Turn 22851
on Depths:1: Note: Tree is in initial Depths room with the fire giant and tengu
warrior. It will burst into flames! #.####.#####.######.# #............# #
######.####### #.# #. ...§# #.# #.###.z.#### #)# #.......... #)# ......... #)#
...... #@# #...########.# #..........#.# #.y....z.....# ##..........?#
####..<..####..# #..........# #..# .#####.##..# #..# #.##..# #..# Turn 23362 on
D:14: Skeletal warriors. Beware! ##...#. ... ..........<. #.........<
............ # #..#.#.##.## ##.###..... #.##..#.......## ##.>.. #.....T........
#.### ######T.#......^# #.# #...QQ..#....... #.# ###.#####.######.# #.#
..@.......# #@# #.## ###.####### #.############..## #.# #................# #.#
###############..# #)# #..# #)# #..# #)# #..# #.# #..# ###.# ####..# Turn 23587
on D:14: staff of cold .........# ... #. ..........###... ## .........>##..#
##### .......[.....#####..[. . .............#.....^. ^.. ........##.........
....###.#....###.)...... #..†.....# #[....... #†..@.#..# ##........
.....y...#.)###......... .........###†##......... ...#.#.##^ ##.#.........
.#....# ## ##.......... ##### #.......... #.......... #.......... #.#..#....#
Turn 24555 on Spider:1: Yak corpses? *,**,,,*,,,,** **,,***,,,#,,,* ***
*,,*,,,,,*.,**** ******,* ******,,,*,*,,.#,*,****# *,,**,,,
*,*,,,,,,*,*^,#.,,,*^*.#**,*,**,, ,,,*,,**^..*,,#.*##,,..*,,,,,,**,
,*,*,*,*,....##.,.#,^#,*,*,,*,*,, ,,*,,*,,**#.....#.#.#,,,,,,**,,,*
,,,,,**,**,*,,*#@..#,,,**,,,,,*,* **,,*,*,,,,*,,,#<#.....#,,*^,*,,*
,,,,,,,*,*,,,*,#.#,..###,,,,,,*,, ,***,*,,,,,,,*,#..,*##,*,,****,*,
,^*,*,,,,,**,,,..##,*,,*,,,*^,,,, ,^*,,,**,**,*,,.#.*,,,*,,**,,****
*,,,**,,>,,,,,##*#,*,,,>,*,*^,,,, ^,*,,*,***,*,*,,,,,**,,*,,,,,*,*,
,,**,,,,,**^,,*,,*,,,,,***,*,*,,^ Turn 26020 on Spider:2: Ice cave entrance
towards the center, a little to the east or left. .........# # ........#### .#
........#n⌠# #+#+#.#+# ........#W[+ +........ ........########.8.8.8.8
..........#............. ....⌠.....'............. ..........#.............
........########@8.8.8.8 ........#u) #.Z........ ........#.⌠ ###+#+#.#+#
........#### # .........# ##.....### ###### Turn 26433 on IceCv: Caustic shrike
simulacrum ####### ###.....### ##.........# # ##.........#### .# #..........#n⌠#
#+#+#.#+#+ ######.........#W[+ +.........# #..##..........########.8.8.8.8.#
.................#..............# ...........⌠....@☼..............+
.##..............#..............# #####..........########.8.8.8.8.#
##.........#u)+ #.'.........# #..........#n⌠# ###'#'#.#+#+ ##.........#### #.#.#
# ##.........# ##### ###.....### ####### Turn 26499 on IceCv: Golden dragon
simulacrum is also a bit nasty. ############## .'.........'.# .#####'#####.#
.#.#.#.#.#.#.## ##'#'#.#'#'#.8###### .'.........#.......# ##.8.8.8.8.#.#####.#
...........#.#[?:#.## ...........'.#.⌠@'.⌠# ...........#.#[.[#.##
##.8.8.8.8.#.#####.# .'.........#.......# ##'#'#.#'#'#.8###### .#.#.#.#.#.#.##
.#####'#####.# .'.........'.# ############## Turn 26703 on IceCv: BERSERK RAGE
WORKS!!! ############## .'.........'.# .#####'#####.# .#.#.#.#.#.#.##
##'#'#.#'#'#.8###### .'.........#.......# ##.8.8.8.8.#.#####.#
...........#.#[.@#.## ...........'.#.⌠.'.⌠# ...........#.#[.[#.##
##.8.8.8.8.#.#####.# .'.........#.......# ##'#'#.#'#'#.8###### .#.#.#.#.#.#.##
.#####'#####.# .'.........'.# Turn 26707 on IceCv: Book of Ice #.'.........'.#
##.#####'#####.# ...#.#.#.#.#.#.## .###'#'#.#'#'#.8###### .#.'.........#.......#
####.8.8.8.8.#.#####.# .............#.#[..#.## .............'.#.⌠.'.⌠#
.............#.#@.[#.## ####.8.8.8.8.#.#####.# .#.'.........#.......#
.###'#'#.#'#'#.8###### ...#.#.#.#.#.#.## ##.#####'#####.# #.'.........'.#
############### Turn 26709 on IceCv: sInv helmet .'.........'.# .#####'#####.#
.#.#.#.#.#.#.## ##'#'#.#'#'#.8###### .'.........#.......# ##.8.8.8.8.#.#####.#
...........#.#[..#.## ...........'.#.⌠.'.⌠# ...........#.#[.@#.##
##.8.8.8.8.#.#####.# .'.........#.......# ##'#'#.#'#'#.8###### .#.#.#.#.#.#.##
.#####'#####.# .'.........'.# ############## Turn 26711 on IceCv: tower shield
of cold resistance ############### #.'.........'.# #.#####'#####.#
..#.#.#.#.#.#.## ###'#'#.#'#'#.8###### #.'.........#.......#
###.8.8.8.8.#.#####.# ............#.#[@.#.## ............'.#.⌠.'.⌠#
............#.#[.[#.## ###.8.8.8.8.#.#####.# #.'.........#.......#
###'#'#.#'#'#.8###### ..#.#.#.#.#.#.## #.#####'#####.# #.'.........'.# Turn
26714 on IceCv: +1 robe of resistance ##.##.§..#....#....*,,,,,,,,,**
**,#...#.....#^...#<,*,,***,** ,,,##...^.#.....##.,,,*,*,*,,*
....§§§#...##.....#^*.,,,*,,** .##....§##.##..#^.##..*.^,,,,*
*,#.#.#.##...#.#.....,.#*,*,** ,#....#...#....#..###...,,***
#.##^.#.#...#...##..>#..*,,* .^,...#.#.#.#...@.....#,****
#,#.....#.#...#^..##^..#,* ,,,,*,..<##..#.#...#**,.,* ,*,,*,*..,#...#.^#....,***
,****,.#,,#.#..###..##..,* ,,,*,,,*,..##..,,*..(#*,,* ,,,,*,,,*#),#^,,,,*..#,,,*
*,*,*,*^*,,*#.,**,*.w.,*,* ^,*****,,,*,.,,,,,,*##.*** Turn 26802 on Spider:2:
Magic mapping scroll here to compensate for the one I used!
###^..#..#..###.#****,,* ###^#..#......#,,,,,^, ##...#..#..##,,*,,*,
***######..#!.#*,,,*,* *,,,,,,#....#..#,,**,, ##++++++##.#=..##***,,,
#........#.###.# *,,,, *#......##.# *## **,** #....@.##.# *** ###.†###..#
#..###.## #......# ######## Turn 27133 on Spider:2: At least two ghost moths on
this floor. ##.#...#.....#,,,*#),#^,,,,#. ##....#...#.#.#,*^*,,*#.,**,*.
#..#..#..#^.#####,,,*,.,,,,,,# ###^..#..#..###.#****,,*****,*
###^#..#......#,,,,,^,,,,,** ##...#..#..##,,*,,*,,,*,,*
***######..#!.##,,,*,*,*,*** *,,,,,,#....#..#,,**,,,,,,*
##++++++##.#@..##***,,,**,,* #........#.###.# *,,,,,**** *#......##.# *##
**,**** #......##.# *** ###.†###..# #..###.## #......# ######## Turn 27147 on
Spider:2: ring of fire #####.^....#...#...#,..## ##.#...#.....#,,,*#),#
##....#...#.#.#,*^*,,*# #..#..#..#^.#####,,,*,. ###^..#..#..###.#****,,
###^#..#......#,,,,,^ ##...#..#..##,,*,,* #########..#..##,,,*,
#[[[@[[#....#..#,,**, ##''''''##.#=..##***,, #........#.###.# *,,, ##......##.#
*## **,* #......##.# *** ###.†###..# #..###.## #......# ######## Turn 27172 on
Spider:2: Haven't bothered much with spellcasting this game. :/
#####.^....#...#...#,..# ##.#...#.....#,,,*#), ##....#...#.#.#,*^*,,*
#..#..#..#^.#####,,,*, ###^..#..#..###.#****, ###^#..#......#,,,,,
##...#..#..##,,*,, #########..#..##,,,* #[[@[[[#....#..#,,**
##''''''##.#=..##***, #........#.###.# *,, ##......##.# *## **, #......##.# **
###.†###..# #..###.## #......# ######## Turn 27173 on Spider:2: lol -2 pair of
glovs #####.^....#...#...#,.. ##.#...#.....#,,,*#) ##....#...#.#.#,*^*,,
#..#..#..#^.#####,,,* ###^..#..#..###.#**** ###^#..#......#,,,,
##...#..#..##,,*, #########..#..##,,, #[@[[[[#....#..#,,* ##''''''##.#=..##***
#........#.###.# *, ##......##.# *## ** #......##.# * ###.†###..# #..###.##
#......# ######## Turn 27174 on Spider:2: -2 hat #####.^....#...#...#,.
##.#...#.....#,,,*# ##....#...#.#.#,*^*, #..#..#..#^.#####,,,
###^..#..#..###.#*** ###^#..#......#,,, ##...#..#..##,,* #########..#..##,,
#@[[[[[#....#..#,, ##''''''##.#=..##** #........#.###.# * ##......##.# *## *
#......##.# ###.†###..# #..###.## #......# ######## Turn 27175 on Spider:2: -2
dex gloves #####.^....#...#...#,..## ##.#...#.....#,,,*#),#
##....#...#.#.#,*^*,,*# #..#..#..#^.#####,,,*,. ###^..#..#..###.#****,,
###^#..#......#,,,,,^ ##...#..#..##,,*,,* #########..#..##,,,*,
#[[[@[[#....#..#,,**, ##''''''##.#=..##***,, #........#.###.# *,,, ##......##.#
*## **,* #......##.# *** ###.†###..# #..###.## #......# ######## Turn 27182 on
Spider:2: What is this vault? .............#### ..$.!###...### ..#....##..^# #
#...#.###.# ##.......## #......### ##.......## #........# #...@#..## ###^^..##
#.#### ## Turn 27470 on Spider:3: staff of earth ###### #..^.. #^.... ####
######..... ##^.#####^..##....# ##..^.^.^#...##..... #..[8^8[.#.#.##.^.#^
#..^.÷..^..#..#...#. #^.@[_..[..#^.#...#. #).^..^....#..#...#.
#...8.8..###..#...#. #..^....####..#..... ##^..[#####.^.#..... ##.÷[#
#^......... #...# ##.......... #.).# #^.†........ ########.......... Turn 28467
on Spider:3: Former orc place of worship vault. Pretty cool one! Love the orc
skeletons. #^. #..#.#......# .^ #####....#^# # #.....^## ###...#^## ###.#..^..#
#.........# #...#..†^..# #...##.†...# ##....#@^..# #.........# #$......#^#
#..^..#...# ##.#....^^# #...#..### ..##..<# ..#. ....^....#..# . ...
#..#..#.#...^# Turn 29212 on Spider:4: Entropy weaver #..^..#...# ##.#....^^#
##...#..### ##..##..<## ..#. ....^....#..## . ... #..#..#.#...^# s.
..#^....#..^.##.# ... .^..#.#.#^^....# ..sy#.#..##..#(@...# ..#.^......^..#†.###
.........^....#....# .s.....<..#...#....# ..###...#.^#..^#.).#
.........^.......# ^.....^......^#....# .##...#.........#.^# ...^.#^°#.#...#...#
Turn 29280 on Spider:4: Seems to be a lot of steelbarb worms here. #≈≈. ###
≈..### ##.. ....# #... ^..## #... #^.~#### ##.. #....^.# #.. ##.....# #..
###^...#.# ### #.. ##..@†....# ##.# ##. #~.....#.## ##..####.
#..≈..#..####....##.. #####.......#...#......^. ####.....^.......†...^#..#..
#........#....#......#^....# ##.........##^..#...#.^..#.#.
#....#..#.........†..#.#..##. #...#.....^....##..#.^......^ Turn 30135 on
Spider:4: Lots of emperor scorpions and ghost moths in end vault, I figure.
#..###..^#...#.. ##...##..##^.##.. #≈.^~ #.##.^##### # #≈.~# ####### #. ##≈..#
#.^####≈≈..# #.....≈≈..### # #..........# # #.~...@.^..## # ###.~^~.#^.~#### #
##.^~##....^.# #######.....# ###^...#.# ### ##...†....# ##.# #~.....#.## ##..##
#..≈..#..####....# #####.......#...#..... Turn 30146 on Spider:4: Seems like the
key is to start from the northernmost stairs and gradually make your way around
clockwise. #.... ## ##^.. #.. ##... #~. #.... ##.### ##.... ##.~#^# ###.....
#...#~## #....... #.~.[..# #..#.^#. ##^..@..# #^...... #~.....!# ##...#..
##.~^.≈s.# #..^.... #^~.#!≈≈≈[# #^#..##. #~.##!≈φ≈.# ##...##^ #..#s.≈.≈.#
#....^# #^.#~.≈≈!(#..# ##...... #~.##.≈≈..#..# #...#... ##..#.≈≈..#..###..^#...
Turn 30166 on Spider:4: +2 hat of willpower. ## ##^...# #.. ##....# #~. #......
##.### ##...... ##.~#^# ###......# #...#~## #......... #.~.[..# #..#.^#.#.
##^..[..# #^......#. #~..○○.@# ##...#.... ##.~^s≈≈.# #..^...... #^~.#!≈≈≈[#
#^#..##... #~.##!≈φ≈.# ##...##^.. #..#..≈.≈.# #....^#.# #^.#~.≈≈!(#..#
##........ #~.##.≈≈..#..# #...#..... ##..#.≈≈..#..###..^#...#. #.^#
##...##..##^.##. Turn 30183 on Spider:4: lol orb spider blows up emp scorp #~.
#......# ##.### ##......# ##.~#^# ###......## #...#~## #.......... #.~.[..#
#..#.^#.#.. ##^..[..# #^......#.# #~.....!# ##...#..... ##.~^.≈≈.## #..^......#
#^~.#.≈≈≈@# #^#..##.... #~.##.≈.≈.# ##...##^... #..#..≈.≈.# #....^#.##
#^.#~.≈≈.(#..# ##......... #~.##.≈≈..#..# #...#...... ##..#.≈≈..#..###..^#...#..
#.^#^.≈.##...##..##^.##.. ##.##.≈.#≈.^~##.##.^##### #..#..^#≈.~# ####### Turn
30226 on Spider:4: scarf of shadows ≈~~~~m..<...... ~~~~..§.##.....~~≈≈
~~~~~~.###...~~~~≈≈ ~~~~~~~....~~.~~~≈≈ ~..~~.~~~~~~...~~≈≈ ~......~~~....~~~~~
~.#....m.....~~~~~~ ..##~~~..)....~~~.~ #.~≈~@....##....~ ~.~≈≈.....## ..~.
~~≈≈≈~~...# ... ~~~~~....... ## ~~~.......... ~~~~.....~.... ~~~~.....>~~..
~~~...~~$.## Turn 30449 on Shoals:1: +5 spear of distortion
########################## ≈≈≈≈≈≈≈≈≈≈≈≈≈≈≈≈≈≈≈≈≈≈≈≈≈≈ ≈≈≈≈≈≈≈≈≈≈≈≈≈≈≈≈≈≈≈≈≈≈≈≈≈≈
≈≈≈≈≈≈≈≈≈≈≈≈≈≈≈≈≈≈≈≈≈≈≈≈≈≈ ≈≈≈≈≈≈~~~~~~~~≈≈≈≈≈≈≈≈≈≈≈≈ ≈≈≈≈≈~~~~~~~~~~~≈≈≈≈≈≈≈≈≈≈
≈≈≈≈≈~~~~~~~~~~~~~≈≈≈≈≈≈≈≈ ≈≈≈≈≈~~~~~...~~~@~~~~~≈≈≈≈ ≈~~~~~~~~~...~~~~~~~~~~~~m
~~~~~~~~~~...~..~~~~~~~~~~ ~~~~~~~..~......~~~..~~~~~ ~~~~~~~..?.......~~....~~~
~~~~~~~........#.~~.....~~ ##...##...##.. Turn 30556 on Shoals:1: Another spear
of distortion... ≈≈≈≈≈≈≈≈≈≈≈≈≈≈≈≈≈≈# ≈≈≈~~~≈≈≈≈≈≈≈≈≈≈≈≈# ≈~~..~≈≈≈≈≈≈≈≈≈≈≈≈#
..~...~≈≈≈≈≈≈≈≈≈≈# .~....~≈≈≈≈≈≈≈≈≈# #...~~≈≈≈≈≈≈≈≈# #.@..~~≈≈≈≈≈≈≈#
#....~~≈≈≈≈≈≈≈# .......~~≈≈≈≈≈≈≈# ≈≈P~~~~~~~~~.......~~≈≈≈≈≈≈≈#
≈≈≈≈≈≈≈≈≈~~...~..~~~≈≈≈≈≈≈≈≈# ≈≈≈≈≈≈≈≈≈≈~..~~~~~~~≈≈≈≈≈≈≈≈#
≈≈≈≈≈≈≈≈≈≈~~~~~~~~≈≈≈≈≈≈≈≈≈≈# ≈≈≈≈≈≈≈≈≈≈≈~~~~≈≈≈≈≈≈≈≈≈≈≈≈≈#
≈≈≈≈≈≈≈≈≈≈≈≈≈≈≈≈≈≈≈≈≈≈≈≈≈≈≈≈# Turn 30903 on Shoals:1: There-And-Back Book
≈≈≈≈≈≈≈≈≈≈≈≈≈≈≈≈ ≈≈≈≈≈≈≈≈≈≈≈≈≈≈≈≈≈≈≈≈≈≈≈≈≈ ≈≈≈≈≈~~≈≈≈≈≈≈≈≈~~≈≈≈≈≈≈≈≈≈≈≈≈
≈≈≈≈~~~~~~~~~~~~~~~~≈≈≈≈≈≈≈≈≈ ≈≈≈~~~~~~~~~~~~.~~~~~~≈≈≈≈≈H≈
≈≈~~~~~~~~~~~~.....~~~~≈≈≈≈≈≈ ≈≈≈~~~~~~~....~...H.~~~~~~~~~
≈≈≈≈≈~~........HH....~~~~~~H~ ~≈≈≈≈~~[........@H...~~~~~~~~
~~≈≈≈~~~~........H~≈≈≈≈≈~~..k ~~~≈~~~~~.####...~~≈≈≈≈~~.~!.
.~~~~~~~~~.####......≈~~.~~P. .~~~~~~~~~..####.........~...
.~~~.....>~≈PP≈≈≈P~..~...... .~..###..PPP#####~≈~........ ... E..≈P### ##≈~.~
...PP## #P≈ Turn 32434 on Shoals:3: Randart gloves of Shoals:3 in north middle
~~ #.....###..PPP#####~≈~... ~ ##........≈P### ##≈~.. #.......PP##PP #P≈.
#.....(.≈~#P≈~ #≈. ####.......~#~≈~~ ~. #...........#≈#~~ ....~....(.....#
..~≈≈≈.....(....# .~≈≈≈≈~....@.#~## .~≈≈≈≈~~...~.### ~≈≈≈≈≈≈~~~~P~#
~≈≈≈≈≈≈≈≈≈~.P# ≈≈≈≈≈≈≈≈≈≈~~.P# ≈≈≈≈≈≈≈≈≈≈~~≈~ ≈≈≈≈≈≈≈~..≈~ Turn 32572 on
Shoals:3: multiple cyclops ~....~~~~~~~~..####..~~..≈~~.~~P.
..##.~~~~~~~....####.........~... . ##.~~......>~≈PP≈≈≈P~..~......
#.....###..PPP#####~≈~........ ##........≈P###P≈≈###≈~.. #.......PP##PP≈..~~
#P≈. #.....(.≈~#P≈~....C #≈. ####.......~#~≈~~..... ~. #...~.......#≈#@~~...?
...~~....(.....#PP~~≈. ..~≈≈≈.....(....#~P~P#C .~≈≈≈≈~....(.#~##≈~≈#≈.
.~≈≈≈≈~~~.~~~### ~..... ~≈≈≈≈≈≈~~~~P~# !..... ~≈≈≈≈≈≈≈≈≈~~P# :...≈P
≈≈≈≈≈≈≈≈≈≈~~.P# ≈≈≈≈≈≈≈≈≈≈~~≈~ Turn 32585 on Shoals:3: Frost giant too.
#.....(.≈~#P≈~.~~~~~ #≈. ####~......(#~≈~~.~~~~~ ~. #...~.......#≈#~~~~..?≈
..~~~~...(...=.#PP~~≈.. .~≈≈≈~....(.~~.#~P~P#.~ ~≈≈≈≈~~...(~#~##≈~≈#≈~~
~≈≈≈≈~~~~~~~###≈~..~~~~ ~≈≈≈≈≈≈~~~~P~#~P!..~~~~ ~≈≈≈≈≈≈≈≈≈~~P##~@.C~≈P#
≈≈≈≈≈≈≈≈≈≈~~.P###~≈~### ≈≈≈≈≈≈≈≈≈≈~~≈~ #### ≈≈≈≈≈≈≈~..≈~ Turn 32630 on Shoals:3:
Book of Spectacle #≈≈≈≈≈≈≈≈≈≈≈≈≈≈≈≈≈≈ #≈≈≈≈≈≈≈≈≈≈≈≈≈≈≈≈≈ ~~≈ #≈≈≈≈≈≈≈≈≈≈≈≈≈~~~
≈≈~~ #≈≈≈≈≈≈≈≈≈≈≈≈~~~ ≈~~~ #≈≈≈≈≈≈≈≈≈≈≈~~.# ~≈≈≈≈ #≈≈≈≈≈≈≈≈≈≈≈~~.##~≈≈≈≈
#≈≈≈≈≈≈≈≈≈≈~~†(†..≈≈≈≈ #≈≈≈≈≈≈≈≈≈≈~~...~~≈≈# #≈≈≈≈≈≈≈≈≈≈~~.@~~≈≈≈###≈≈
#≈≈≈≈≈≈≈≈≈≈~~~~~~≈≈≈≈≈#≈≈≈≈≈≈~. #≈≈≈≈≈≈≈≈≈≈≈~~~~≈~≈~≈≈≈≈≈≈≈≈≈≈~
#≈≈≈≈≈≈≈≈≈≈≈~~~≈≈≈~~~≈≈≈≈≈≈≈≈~~ #≈≈≈≈≈≈≈≈≈≈≈~~~≈~≈~~≈≈~≈≈≈≈≈≈~§
#≈≈≈≈≈≈≈≈≈≈≈~~~~~~~~~≈~≈≈≈≈≈≈§~ #≈≈≈≈≈≈≈≈≈≈≈≈≈≈≈~~~~~~~~~≈≈≈~~~
#≈≈≈≈≈≈≈≈≈≈≈≈≈≈≈≈~~~~~~~~~~~~~~ #≈≈≈≈≈≈≈≈≈≈≈≈≈≈≈≈≈≈~~~~~~~~~~~~ Turn 32850 on
Shoals:3: He is in the south. ~...........~~~..## ~~.....~~~~~~~~... ~≈≈≈
~~~~...~~~~~~~~.# ..~≈~ ~~~~~~.~~†~~~...# ...~~ ≈≈~~~~~~~~~~~~..# #...~~
≈≈≈~~~~~~≈≈~~~..##...~$~ ≈≈≈≈≈≈≈≈≈≈≈~~~~~..t~~^>~ ≈≈≈≈≈≈≈≈≈≈≈~~~~~...~~~~~
≈≈≈≈≈≈≈≈≈≈≈~~~~)@..~~~~$ ≈≈≈≈≈≈≈≈≈≈≈≈~~~~~~~~~~~~ ≈≈≈≈≈≈≈≈≈≈≈≈≈~~~~~~~~~~~
≈≈≈≈≈≈≈≈≈≈≈≈≈≈~~~~~~~≈≈≈ ≈≈≈≈≈≈≈≈≈≈≈≈≈≈≈≈≈≈≈≈≈≈≈≈ ≈≈≈≈≈≈≈≈≈≈≈≈≈≈≈≈≈≈≈≈≈≈≈≈
≈≈≈≈≈≈≈≈≈≈≈≈≈≈≈≈≈≈≈≈≈≈≈ ###################### Turn 33041 on Shoals:3: ez pz B)
#......~#~~~≈~ ##......##~~~~~ ..### ##.........##### ≈.#.~###..........~~#~#
≈≈..................... ≈≈≈≈~~..........~~~~~.. ≈≈≈≈≈~~~~~~~~~~~≈≈≈≈≈~~
≈≈≈≈≈≈≈~~≈≈≈≈≈≈≈≈≈≈≈≈≈≈ ≈≈≈≈≈≈@≈≈≈≈≈≈≈≈≈≈≈≈≈≈≈≈ ≈≈≈≈≈≈≈≈≈≈≈≈≈≈≈≈≈≈≈≈≈≈≈
≈≈≈≈≈≈≈≈≈≈≈≈≈≈≈≈≈≈≈≈≈≈≈ ≈≈≈≈≈≈≈≈≈≈≈≈≈≈≈≈≈≈≈≈≈≈≈ ≈≈≈≈≈≈≈≈≈≈≈≈≈≈≈≈≈≈≈≈≈≈≈
≈≈≈≈≈≈≈≈≈≈≈≈≈≈≈≈≈≈≈≈≈≈≈ ####################### Turn 33756 on Shoals:4: Better
to clear the floor first than deal with the blue wall vaults.
####################### ≈≈≈≈≈≈≈≈≈≈≈≈≈≈≈≈≈≈≈≈≈≈# ≈≈≈≈≈≈≈≈≈≈≈≈≈≈≈≈≈≈≈≈≈≈#
≈≈≈≈≈≈≈≈≈≈≈≈≈≈≈≈≈≈≈≈≈≈# ≈≈≈≈≈≈≈≈≈≈≈≈≈≈≈≈≈≈≈≈≈≈# ≈≈≈≈≈≈≈≈≈≈≈≈≈≈≈≈@≈≈≈≈≈#
≈≈≈≈≈≈≈≈≈≈≈≈≈≈≈≈≈≈≈≈≈≈# ≈≈≈≈≈≈≈≈≈≈≈≈≈≈≈≈≈≈≈≈≈≈# ≈≈≈≈≈≈≈≈≈≈≈≈≈≈≈≈≈≈≈≈≈≈#
≈≈≈≈≈≈≈≈≈≈≈≈≈≈≈≈≈≈≈≈≈≈# ≈≈≈≈≈≈≈≈≈≈≈≈≈≈≈≈≈≈≈≈≈≈# ~≈≈≈≈≈≈≈≈≈≈≈≈≈≈≈≈≈≈≈≈≈#
~~≈≈≈≈≈≈≈≈≈≈≈X≈≈≈≈≈≈≈≈ Turn 33918 on Shoals:4: Kraken in northeast!

Levels and vault maps discovered:
D:1:      roderic_octagonal_star, layout_basic,
          dreamdust_ecumenical_altar_statues, minivault_14, st_stairs_9
D:2:      layout_rooms, serial_undead, serial_undead_c, serial_undead_a,
          serial_undead_b, serial_undead_d, serial_undead_c, glass_columns_c,
          minivault_5, grunt_ministairs_3,
          nicolae_concentric_dashed_squares_wild, uniq_terence, uniq_sigmund
D:3:      layout_basic, lemuel_crystal_altar, uniq_jessica, uniq_natasha
D:4:      layout_basic, uniq_eustachio
D:5:      layout_layer_cave, eat_drink_and_be_merry_uskayaw,
          minmay_temple_entry_tees, serial_shops, kennysheep_little_box,
          gammafunk_ghost_cemetery, uniq_duvessa, uniq_menkaure
D:6:      layout_rooms, nicolae_overflow_hidden_temple,
          mainiacjoe_overflow_paths, serial_shops, nicolae_lakefront_shop
D:7:      layout_gridville, serial_shops, nicolae_diamond_shop,
          hellmonk_bongcloud_opening, minmay_starry_boxes
D:8:      nzn_winding_woodlands_cross [nzn_winding_woodlands_5x15_sidewinder,
          nzn_winding_woodlands_5x15_parted, nzn_winding_woodlands_5x15_pockets,
          nzn_winding_woodlands_5x15_pool,
          nzn_winding_woodlands_15x15_thick_spiral], layout_rooms,
          fedhas_bush_and_centaur_altar, nicolae_ashenzari_skybound,
          kennysheep_okawaru_gauntlet, nicolae_diode_basic, uniq_maggie,
          uniq_pikel, uniq_gastronok
D:9:      layout_long_grid, lair_entry_dummy, grunt_decor_mini_mirrors
D:10:     layout_roguey, grunt_temple_overflow_octagram, hiddenorc2_lemuel
D:11:     layout_rooms, minivault_26, nicolae_two_hexagons,
          nicolae_dithmenos_the_darkroom, uniq_lodul
D:12:     layout_basic, drop_trap, minivault_16
D:13:     layout_cave_pools, skrybe_vaults_entry_preservation,
          minmay_lindwurm_lava
D:14:     layout_loops_ring, uniq_nessos, uniq_frances, uniq_snorg
D:15:     hangedman_depths_entry_try_elsewhere_first, layout_loops_corners,
          lemuel_round_altar, grunt_ministairs_13
Temple:   hellmonk_temple_of_storms
Lair:1:   layout_chaotic_city, nicolae_quartered_pool_little
Lair:2:   gammafunk_indiana_jones, layout_layer_cave, minmay_shoals_entry_hut,
          spider_nest_entry_a, nicolae_lair_liquid_snakes
Lair:3:   layout_roguey, grunt_forest_stairs_clearing, serial_bayou_shore_b,
          grunt_megastairs_3
Lair:4:   layout_long_grid, dpeg_slime_entry_corner, serial_bayou_shore_a,
          grunt_megastairs_1
Lair:5:   guppyfry_lair_end_dragon, layout_cave_pods, wormcave
Shoals:1: layout_shoals
Shoals:2: layout_shoals, yaktaur_hedge, uniq_ilsuiw, uniq_aizul, uniq_jorgrun
Shoals:3: layout_shoals, st_shoals_ruin, uniq_polyphemus, uniq_nikola
Shoals:4: shoals_end_grunt_ice, layout_shoals, serial_shops,
          nicolae_shop_hallway_stairs, nicolae_shoals_shepherds
Spider:1: layout_chambers, special_room [special_room_bee],
          hangedman_spider_tarantella_strand
Spider:2: layout_spider_delve, portal_ice_cave_entry_pillars_three, drop_trap,
          hellmonk_motheaten_closet
Spider:3: nicolae_spider_mines_2, uniq_azrael
Spider:4: grunt_spider_rune_circles
Orc:1:    layout_caves
Orc:2:    st_orc_mages, layout_caves, nicolae_shop_self_help
Depths:1: layout_gridlike, enter_ziggurat_e, chequers_serial_rivers_room_b,
          hell_entry, serial_shops, shop, grunt_ministairs_4,
          hangedman_corner_corridor
Depths:2: lemuel_traditional_vault, layout_basic, rand_demon_pan_entry_9,
          interstate_on_off, enter_trove_2, nicolae_hell_entry_big_baal_hell

Skill      XL: |  1  2  3  4  5  6  7  8  9 10 11 12 13 14 15 16 17 18 |
---------------+-------------------------------------------------------+-----
Spellcasting   | 4 5 6 7 8 9 10 | 10.1
Shields        | 2 4 |  4.0
Unarmed Combat | 1 2 3 4 5 7 10 12 14 15 16 18 20 | 20.7
Poison Magic   | 1 2 3 |  3.0
Transmutations | 1 2 3 |  3.2
Dodging        | 1 2 3 4 5 7 8 10 11 13 14 | 14.0
Stealth        | 1 3 6 7 9 |  9.0
Fighting       | 2 3 4 5 6 7 8 9 |  9.7
Armour         | 2 5 8 |  8.3
Invocations    | 3 5 6 8 |  8.4
Evocations     | 3 |  3.0
Summonings     | |  3.0

Action                   |  1- 3 |  4- 6 |  7- 9 | 10-12 | 13-15 | 16-18 || total
-------------------------+-------+-------+-------+-------+-------+-------++-------
Melee: Club              |    12 |       |       |       |       |       ||    12
       Bite              |    18 |    24 |   101 |   236 |   716 |   953 ||  2048
       Unarmed           |    64 |   129 |   355 |   867 |  1812 |  2010 ||  5237
       Kick              |     3 |    24 |    67 |     5 |       |       ||    99
       Headbutt          |     1 |    13 |    36 |     1 |       |       ||    51
Throw: Dart              |       |       |       |       |     4 |    27 ||    31
 Cast: Sting             |    26 |    20 |     4 |    11 |       |     3 ||    64
       Summon Small Mamm |    14 |     7 |    37 |    17 |     4 |       ||    79
       Beastly Appendage |     2 |    22 |    33 |     3 |       |       ||    60
       Spider Form       |       |       |     3 |    14 |     2 |       ||    19
Invok: Wall of Briars    |       |       |       |       |     1 |     1 ||     2
       Grow Ballistomyce |       |       |       |       |       |     3 ||     3
 Abil: End Transformatio |       |       |       |     1 |       |       ||     1
Evoke: Wand              |       |       |    14 |    15 |    17 |    16 ||    62
  Use: Scroll            |       |     4 |     9 |    17 |     9 |     8 ||    47
       Potion            |       |       |     1 |       |     5 |     8 ||    14
 Stab: Sleeping          |       |     2 |       |     6 |    10 |    17 ||    35
       Betrayed ally     |       |       |     1 |       |       |       ||     1
       Distracted        |       |       |       |       |     2 |     6 ||     8
       Invisible         |       |       |       |       |     9 |       ||     9
Armor: Robe              |    27 |    39 |    73 |    22 |       |       ||   161
       Skin              |       |       |     3 |     7 |     4 |       ||    14
       Steam dragon scal |       |       |       |   167 |    42 |       ||   209
       Ring mail         |       |       |       |       |   607 |   509 ||  1116
       Scale mail        |       |       |       |       |       |    66 ||    66
Dodge: Dodged            |    46 |    56 |   198 |   539 |  1151 |  1819 ||  3809
Block: Buckler           |    19 |    20 |    79 |   186 |   686 |   926 ||  1916
